Workbook
Name BudDetailRange: #REF!
Name budget: '[1]Data Valid'!#REF!
Name budget: #REF!
Name Budget_Object: #REF!
Name NvsASD: "V2026-03-31"
Name NvsASD: "V2026-03-31"
Name NvsASD: "V2025-06-30"
Name NvsAutoDrillOk: "VN"
Name NvsDatetonumber: "Y"
Name NvsElapsedTime: 0.0000462962925666943
Name NvsElapsedTime: 0.0000462962925666943
Name NvsElapsedTime: 0.0000231481462833472
Name NvsEndTime: 46112.5591666667
Name NvsEndTime: 46112.5591666667
Name NvsEndTime: 45929.6122106481
Name NvsInstLang: "VENG"
Name NvsInstSpec: "%,FDEPTID,V54700"
Name NvsInstSpec1: ","
Name NvsInstSpec2: ","
Name NvsInstSpec3: ","
Name NvsInstSpec4: ","
Name NvsInstSpec5: ","
Name NvsInstSpec6: ","
Name NvsInstSpec7: ","
Name NvsInstSpec8: ","
Name NvsInstSpec9: ","
Name NvsLayoutType: "M3"
Name NvsNplSpec: "%,X,RPT.BUDGET_PERIOD.,CZF.."
Name NvsPanelBusUnit: "V"
Name NvsPanelEffdt: "V1900-01-01"
Name NvsPanelSetid: "VGF010"
Name NvsReqBU: "VGF010"
Name NvsReqBUOnly: "VY"
Name NvsTransLed: "VN"
Name NvsTreeASD: "V2026-03-31"
Name NvsTreeASD: "V2026-03-31"
Name NvsTreeASD: "V2025-06-30"
Name NvsValTbl.DEPTID: "DEPARTMENT_TBL"
Name ObjectBudDetail: #REF!
Name ObjectEquip: #REF!
Name objects: '[1]Data Valid'!$D$1:$D$16
Name objects: #REF!
Name Projects: '[1]Data Valid'!$A$12:$A$21
Name Projects: #REF!

Sheet Overview
A1: 2026-27 FHM Budget - Overview
L3: 5% variance in budget will result in FHM Board re-approval for FY27
C4: FY27 Charter Budget | E4: Notes | G4: FY27 Upward Adjusted Budget | I4: Notes | K4: FY27 Charter Contingency/Revision Budget | M4: Notes
C5: 2026-2027 Approved Budget | G5: 2026-2027 Upward Adjusted | K5: 2026-2027 Contingency
C6: 5A: | D6: 1857.93 | G6: 5A: | H6: 2000 | K6: MLO: | L6: 2000 | M6: updated Sept. 2026
C7: Read Act: | D7: 0 | E7: changes from year to year | G7: Read Act: | H7: 0 | I7: changes from year to year | K7: Read Act: | L7: 8800 | M7: unconfirmed 10.4.26
C8: PPR: | D8: 11385 | E8: Base built on 11385 FY26 PPR. Adjusted up based on State Budget allocation increase. 5.14.26 MH Final PPR adjustment 11768.11 per CDE 6.2.26 MH | G8: PPR: | H8: 11768.11 | I8: FY27 PPR | K8: PPR: | L8: 11500 | M8: New funding formula initiated for Charter schools starting FY27 based on prior year + 1% or 70% FY26 formula + 30% FY27 formula, whichever is higher. As FHM was not a charter in FY26, PPR is still unconfirmed. After meeting with budget analyst, $11,500 is best estimate.
C9: SPED Tier A | D9: 1840.26 | G9: SPED Tier A | H9: 1840.26 | K9: SPED Tier A | L9: 1840.26
K10: FRL | L10: 500 | M10: FRL still unconfirmed.
C11: CDE Cap Constr. | D11: 382.6 | E11: 50% per student. Waiting for confirmation | G11: CDE Cap Constr. | H11: 382.6 | I11: 50% per student. Waiting for confirmation | K11: CDE Cap Constr. | L11: 382.6 | M11: 50% per student
C12: est FTE: | D12: 290 | G12: est FTE: | H12: 290 | K12: est FTE: | L12: 290
C13: Current Enrollment | D13: 290 | G13: Current Enrollment | H13: 290 | K13: Current Enrollment | L13: 263 | M13: 27 students/-10% compared to FY26. Roughly $307,395 budget impact
C15: Revenues | D15: Expenditures | E15: Notes | G15: Revenues | H15: Expenditures | I15: Notes | K15: Revenues | L15: Expenditures | M15: Notes
A16: General Fund | B16: Revenues
B17: PPR | C17: =ROUNDUP(SUM(D8*D12),-3) -> 3302000 | G17: =ROUNDUP(SUM(H12*H8),-3) -> 3413000 | K17: =ROUNDUP(SUM(L13*L8),-3) -> 3025000
B18: Tuition | C18: ='GF020'!C8 -> 464000 | G18: =ROUNDUP(SUM('GF020'!D8),-3) -> 400000 | K18: =ROUNDUP(SUM('GF020'!E8),-3) -> 529000
B19: UPK | C19: ='GF020'!C9 -> 318000 | G19: =ROUNDUP(SUM('GF020'!D9),-3) -> 282000 | K19: =ROUNDUP(SUM('GF020'!E9),-3) -> 282000
B20: MLO | C20: =ROUNDUP(SUM(D6*D12),-3) -> 539000 | G20: =ROUNDUP(SUM(H6*H12),-3) -> 580000 | K20: =ROUNDUP(SUM(L6*L13),-3) -> 526000
B21: SPED Tier A | C21: =ROUNDUP(SUM(D9*50),-3) -> 93000 | G21: =ROUNDUP(SUM(H9*50),-3) -> 93000 | K21: =ROUNDUP(SUM(L9*45),-3) -> 83000
B22: FRL | C22: 0 | K22: 0
B23: CDE | C23: 0 | G23: =ROUNDUP(SUM(H11*0.5*H12), -3) -> 56000 | K23: =ROUNDUP(SUM(L11*0.5*L13), -3) -> 51000
A24: GF020 | B24: Salary | D24: ='GF020'!C22 -> 2765000 | E24: applicable salaries split between GF020/CC030 | H24: =ROUNDUP(SUM('GF020'!D22),-3) -> 2785000 | I24: applicable salaries split between GF020/CC030 | L24: =ROUNDUP(SUM('GF020'!E22),-3) -> 2740000 | M24: reduced staff to support reduced FTE
B25: Benefits + PERA 21.4% | D25: 1010000 | E25: 36.5% of salary | H25: =ROUNDUP(SUM('GF020'!D26),-3) -> 1021000 | I25: 36.5% of salary | L25: =ROUNDUP(SUM('GF020'!E26),-3) -> 860000 | M25: 31.4% of salary
B26: Purchased Services | D26: =ROUNDUP(SUM('GF020'!C74+'GF020'!C53-'GF020'!C41),-3) -> 634000 | E26: services charged per pupil or flat rate | H26: =ROUNDUP(SUM('GF020'!D74+'GF020'!D53)-('GF020'!D41),-3) -> 733000 | I26: services charged per pupil or flat rate | L26: =ROUNDUP(SUM('GF020'!E53-'GF020'!E41)+('GF020'!E74),-3) -> 622000 | M26: reduced FTE reduces purchased services fee
B27: Property Expenses | D27: 250000 | E27: cost per square foot FY27; will increase 56% FY28 | H27: 250000 | I27: cost per square foot FY27; will increase 56% FY28 | L27: 250000 | M27: cost per square foot FY27; will increase 56% FY28
B28: Materials and Supplies | D28: ='GF020'!C65 -> 57000 | H28: =ROUNDUP(SUM('GF020'!D65),-3) -> 135000 | L28: =ROUNDUP(SUM('GF020'!E65), -3) -> 24000
B29: Reserve | C29: 0 | D29: 0 | G29: 0 | H29: 0 | K29: 0 | L29: 0
B30: TABOR
B31: Total Revenues: | C31: =SUM(C16:C28) -> 4716000 | G31: =ROUNDUP(SUM(G16:G28), -3) -> 4824000 | K31: =SUM(K16:K28) -> 4496000
B32: Total Expenditures: | D32: =ROUNDUP(SUM(D24:D31), -3) -> 4716000 | H32: =ROUNDUP(SUM(H24:H31), -3) -> 4924000 | L32: =SUM(L24:L31) -> 4496000
B33: Fund Total: | C33: =C31-D32 -> 0 | G33: =G31-H32 -> -100000 | K33: =K31-L32 -> 0
A36: Campus Activity | B36: Revenues | C36: =ROUNDUP(SUM('CA020'!C46),-3) -> 74000 | E36: student fees based on historical and anticipated student learning needs | G36: =ROUNDUP(SUM('CA020'!C46),-3) -> 74000 | I36: student fees based on historical and anticipated student learning needs | K36: =ROUNDUP(SUM('CA020'!C46*0.9),-3) -> 66000 | M36: fees reduce relative to decrease in FTE
A37: SR020 | B37: Expenditures | D37: =ROUNDUP(SUM('CA020'!D46), -3) -> 74000 | H37: =ROUNDUP(SUM('CA020'!D46),-3) -> 74000 | L37: =ROUNDUP(SUM('CA020'!D46*0.9),-3) -> 66000
A38: $ in = $ out | B38: Total Revenues: | C38: =SUM(C36:C37) -> 74000 | G38: =SUM(G36:G37) -> 74000 | K38: =SUM(K36:K37) -> 66000
B39: Total Expenditures: | D39: =SUM(D36:D38) -> 74000 | H39: =SUM(H36:H38) -> 74000 | L39: =SUM(L36:L38) -> 66000
B40: Fund Total: | C40: =SUM(C38-D39) -> 0 | G40: =SUM(G38-H39) -> 0 | K40: =SUM(K38-L39) -> 0
A42: Enterprise/Childcare | B42: Revenues | C42: =ROUNDUP(SUM('CC020'!C7),-3) -> 308000 | G42: =ROUNDUP(SUM('CC020'!C7),-3) -> 308000 | K42: =ROUNDUP(SUM('CC020'!G7),-3) -> 277000
A43: CC020 | B43: Salary | D43: ='CC020'!C9 -> 198000 | E43: Before and Aftercare Staff, Percentage of supporting Administrative Staff | H43: =ROUNDUP(SUM('CC020'!C9),-3) -> 198000 | I43: Before and Aftercare Staff, Percentage of supporting Administrative Staff | L43: ='CC020'!G9 -> 154000 | M43: Before and Aftercare Staff, Percentage of supporting Administrative Staff
B44: Benefits + PERA | D44: =ROUNDUP(SUM(D43*0.37),-3) -> 74000 | E44: 0.365 | H44: =ROUNDUP(SUM(H43*0.37),-3) -> 74000 | I44: 0.365 | L44: =ROUNDUP(SUM(L43*0.37),-3) -> 57000 | M44: 0.365
A45: (BAC, Camps) | B45: Purchased Services | D45: ='CC020'!C20 -> 21000 | H45: ='CC020'!C20 -> 21000 | L45: ='CC020'!G20 -> 21000
B46: Materials and Supplies | D46: ='CC020'!C23 -> 5000 | H46: ='CC020'!C23 -> 5000 | L46: ='CC020'!G23 -> 5000
B47: Total Revenues: | C47: =C42 -> 308000 | G47: =G42 -> 308000 | K47: =SUM(K42:K46) -> 277000
B48: Total Expenditures: | D48: =SUM(D43:D46) -> 298000 | H48: =SUM(H43:H46) -> 298000 | L48: =SUM(L43:L47) -> 237000
B49: Fund Total: | C49: =C47-D48 -> 10000 | G49: =G47-H48 -> 10000 | K49: =K47-L48 -> 40000
E50: * Figures in Update Rounded to nearest $1,000 | I50: * Figures in Update Rounded to nearest $1,000 | M50: * Figures in Update Rounded to nearest $1,000
B51: Overall Revenues: | C51: =C31+C38+C47 -> 5098000 | G51: =G31+G38+G47 -> 5206000 | K51: =K31+K38+K47 -> 4839000
B52: Overall Expenditures: | D52: =D32+D39+D48 -> 5088000 | H52: =H32+H39+H48 -> 5296000 | L52: =L32+L39+L48 -> 4799000
B53: Difference: | C53: =SUM(C51-D52) -> 10000 | G53: =SUM(G51-H52) -> -90000 | K53: =SUM(K51-L52) -> 40000
M55: 145000
M57: =L52/12 -> 399916.67
M59: =K53/K51 -> 0.0082661707

Sheet GF020
A1: FREE HORIZON Montessori - FY27 Budget Proposal
A2: GF020 - 54700
A3: 4.1.26 mh
A4: Account | B4: Description | C4: FY27 Approved Budget | D4: Proposed FY27 Budget | E4: FY27 Budget Revision | F4: Anticipated FY27 Grant Funds | G4: GRANT NOTES | H4: NOTES
A6: Revenues
B7: FTE: | C7: 290 | D7: 290 | E7: 263 | F7: 290 | H7: initiated contingency budget starting August 1, 2026
A8: 451000 | B8: Fees/Dues (% Increase in PK Tuition) | C8: 464000 | D8: ='Tuition Per 6 RM Model'!L13 -> 399712.05 | E8: ='Tuition Per Toddler Model'!L13+'Tuition Per Toddler Model'!J20 -> 528452.05 | H8: increase in tuition based on anticipated toddler tuition
A9: 433800 | B9: UPK | C9: 318000 | D9: ='Tuition Per 6 RM Model'!E23 -> 281079.78 | E9: ='Tuition Per Toddler Model'!F12 -> 281079.78
A10: PPR | B10: $11500 PPR @ 100% * FTE | C10: =Overview!C17 -> 3302000 | D10: =Overview!G17 -> 3413000 | E10: =Overview!K17 -> 3025000 | H10: based on $11,500 PPR estimate
A11: MLO | B11: 5A | C11: =Overview!C20 -> 539000 | D11: =Overview!H6*'GF020'!D7 -> 580000 | E11: =Overview!K20 -> 526000 | H11: MLO estimated $2000 per student as opposed to $1857 budgeted
A12: SPED | B12: Tier A | C12: =Overview!C21 -> 93000 | D12: =Overview!G21 -> 93000 | E12: =Overview!K21 -> 83000 | F12: 8800 | G12: READ Act Estimate. Fluctuates year to year
A13: FRL | B13: $500 per qualified student | E13: =Overview!K22 -> 0
A14: CDE | B14: $382.60 @ 50% Per Student | D14: =Overview!H11*0.5*'GF020'!D7 -> 55477 | E14: =(Overview!L11*'GF020'!E7)*0.5 -> 50311.9
A15: 451500 | B15: Student Fees-Registration | C15: =SUM(D15:F15) -> 0 | D15: 0 | E15: 0
B16: Revenues: | C16: =SUM(C8:C15) -> 4716000 | D16: =SUM(D8:D15) -> 4822268.8 | E16: =SUM(E8:E15) -> 4493843.7 | F16: =SUM(F8:F15) -> 8800
B18: Total Revenues | C18: =C16 -> 4716000 | D18: =D16 -> 4822268.8 | E18: =E16 -> 4493843.7 | F18: =F16 -> 8800 | H18: =E18-D18 -> -328425.1
A20: Expenditures
B22: Total Salaries | C22: 2765000 | D22: 2785000 | E22: 2740000 | F22: 0 | H22: =C22-E22 -> 25000
A24: 699000 | B24: Employee Benefits $650.00 * # of staff | C24: =650*53*12 -> 413400 | D24: =(600*59)*12 -> 424800 | E24: =(650*35)*12 -> 273000 | G24: reduced from 54 employees to 35 | H24: Actuals came in $148,000 under budget
B25: PERA (21.4%) | C25: =C22*0.214 -> 591710 | D25: =D22*0.214 -> 595990 | E25: =E22*0.214 -> 586360
B26: Total Benefits | C26: =C24+C25 -> 1005110 | D26: =D24+D25 -> 1020790 | E26: =E24+E25 -> 859360 | F26: 0 | G26: 0.31 | H26: =C26-E26 -> 145750
B28: Total Salaries + Benefits | C28: =C22+C26 -> 3770110 | D28: =D22+D26 -> 3805790 | E28: =E22+E26 -> 3599360 | F28: =F22+F26 -> 0 | H28: =C28-E28 -> 170750
A30: 702000 | B30: Employee Training & Conf | C30: 0 | F30: 43200 | G30: League of Charters admin training, Montessori Credentialing, OG training, assistant training. No revision necessary.
A31: 703000 | B31: Awards And Banquets | C31: 0
A32: 705000 | B32: Recruiting Costs | C32: 1000 | D32: 2000 | E32: 3000 | H32: increase from $1000
A33: 708000 | B33: Background Checks | C33: 1000 | D33: 1000 | E33: 1000
A34: 710000 | B34: Meals/Refreshments
A35: 713000 | B35: Student Transportation
A36: 715000 | B36: Student Admission/Entry Fees
A37: 721000 | B37: Legal Fees | C37: 5000 | D37: 5000 | E37: 12000 | H37: increase from $5,000
A38: 723000 | B38: Printing | C38: 1000 | D38: 5000 | E38: 1000
A39: 726000 | B39: Consultants | C39: 5000 | D39: 5000 | E39: 45000 | H39: to support charter transition
A40: 731000 | B40: Contracted Services | C40: 80000 | D40: 80000 | E40: 102000 | F40: 41000 | G40: EOY FY26 Server expense. Revision needed. | H40: includes School Café, annual audit, and tech support services
A41: 742000 | B41: Building Rental | C41: 250000 | D41: 250000 | E41: 250000
A42: 745000 | B42: Contract Maint/Eq Repair | C42: 0 | D42: 44000 | E42: 0
A43: 745500 | B43: Technology Services | C43: 5000 | D43: 9000 | E43: 0 | H43: moved to contracted services
A44: 746000 | B44: Const Maint/Repair-Bldg | C44: 5000 | D44: 44000 | E44: 5000
A45: 747000 | B45: Software Purch/Lease | C45: 5000 | D45: 7000 | E45: 15000 | H45: increased to purchase new software for school devices
A46: 752000 | B46: Marketing - Advertising | C46: 5000 | D46: 10000 | E46: 5000 | H46: Allocated allowable % to GSC Grant and supplement with CSN funds
A47: 760000 | B47: Telephone/Pagers/Modems | C47: 0 | D47: 0 | E47: 0
A48: 763000 | B48: Internet | C48: 6000 | D48: 6000 | E48: 9000 | H48: increase to $9000 to cover increased costs
A49: 768000 | B49: Postage | C49: 1000 | D49: 1000 | E49: 1000
A50: 769000 | B50: Permits/Licenses/Fees | C50: 8000 | D50: 8000 | E50: 11000 | H50: increased from $8000 to cover AMS renewal, LOC Membership increases
A51: 770000 | B51: Insurance & Workers Comp | C51: 70000 | D51: 70000 | E51: 15000 | H51: insurance actuals came in under approved budget
A52: 770800 | B52: Unemployment | C52: 10000 | D52: 10000 | E52: 9000
B53: Total Purchased Services | C53: =SUM(C30:C52) -> 458000 | D53: =SUM(D30:D52) -> 557000 | E53: =SUM(E30:E52) -> 484000 | F53: =SUM(F30:F52) -> 84200 | H53: =E53-C53 -> 26000
A55: 810000 | B55: Office Material/Supplies | C55: 1000 | D55: 2000 | E55: 1000
A56: 810001 | B56: Office Equipment - Under $5K | C56: 4000 | D56: 10500 | E56: 0 | F56: 39000 | G56: Full replacement of all office technology. Revision needed. $4000 | H56: moved to GSC Grant
A57: 812000 | B57: Clinic Supplies/Materials | C57: 1000 | D57: 1000 | E57: 0 | H57: moved to GSC Grant
A58: 820000 | B58: Instructional Material/Supply | C58: 5500 | D58: 60000 | E58: 4500 | F58: 165240 | G58: Classroom, curriculum updates. Minimum revision needed. $5500 | H58: consumable materials moved to GSC Grant
A59: 820001 | B59: Instructional Equip-Under $5K | C59: 25000 | D59: 40000 | E59: 0 | F59: 175535 | G59: Full replacement of all student technology and shared spaces. Revision needed. $25000 | H59: moved to GSC Grant
A60: 822000 | B60: Textbooks | C60: 0 | D60: 0 | E60: 0
A61: 823000 | B61: Copier Usage | C61: 12000 | D61: 12000 | E61: 15000 | H61: increase from $12000
A62: 824000 | B62: Testing Materials | C62: 7000 | D62: 7000 | E62: 3000 | H62: MAP testing fee, added 4.9.26
A63: 840000 | B63: Maint Materials/Supplies | C63: 1500 | D63: 1700 | E63: 0 | H63: moved to Campus account, Building use Fund
A64: 870000 | B64: Library Materials | C64: 0 | D64: 0 | E64: 0 | F64: 27420 | G64: Update of library furniture and non-fiction section
B65: Total Materials & Supplies | C65: =SUM(C55:C64) -> 57000 | D65: =SUM(D55:D64) -> 134200 | E65: =SUM(E55:E64) -> 23500 | F65: =SUM(F55:F64) -> 407195 | H65: =C65-E65 -> 33500
A67: 950000 | B67: Administrative fee: $166.72 | C67: =D67 -> 48348.8 | D67: =166.72*290 -> 48348.8 | E67: =166.72*E7 -> 43847.36 | F67: 0 | H67: Mandatory Services Per Student
A68: 950000 | B68: Contracted Purchased Services: $521.03 | C68: =D68 -> 151098.7 | D68: =521.03*290 -> 151098.7 | E68: =521.03*E7 -> 137030.89 | F68: 0 | H68: =166.72+521.03+23.31+567.41 -> 1278.47
A69: 950000 | B69: Direct costs: $26.31 | C69: =D69 -> 7629.9 | D69: =26.31*290 -> 7629.9 | E69: =26.31*E7 -> 6919.53 | F69: 0 | H69: =H68/11500 -> 0.1111713
A70: 950000 | B70: Federally- and state-required services: $567.41 | C70: =D70 -> 164548.9 | D70: =567.41*290 -> 164548.9 | E70: =567.41*E7 -> 149228.83 | F70: 0
A71: 950000 | B71: CLDE Services - fulltime students Tier I: $84.77 | C71: =D71 -> 24583.3 | D71: =84.77*290 -> 24583.3 | E71: =84.77*E7 -> 22294.51 | F71: 0
A72: 950000 | B72: Student health services: RN Coverage: 74.34 | C72: =D72 -> 28249.2 | D72: =380*74.34 -> 28249.2 | E72: =74.34*360 -> 26762.4 | F72: 0
A73: 950000 | B73: Employee assistance: 51+ employees | C73: =D73 -> 1400 | D73: 1400 | E73: 1400 | F73: 0
B74: Total Jeffco Purchased Services | C74: =SUM(C67:C73) -> 425858.8 | D74: =SUM(D67:D73) -> 425858.8 | E74: =SUM(E67:E73) -> 387483.52 | F74: 0
B75: Total Purchased Services, Materials & Supplies | C75: =C53+C65+C74 -> 940858.8 | D75: =D53+D65+D74 -> 1117058.8 | E75: =E53+E65+E74 -> 894983.52 | F75: 0
C76: =C74+C75 -> 1366717.6 | D76: 0 | E76: =E74+E75 -> 1282467 | F76: 0 | H76: =C76-E76 -> 84250.56
B77: Total Capital and Equipment | E77: 0
B79: Total Expenditures | C79: =C28+C75 -> 4710968.8 | D79: =D28+D75 -> 4922848.8 | E79: =E28+E75 -> 4494343.5 | F79: =F28+F53+F65+F74 -> 491395 | H79: =C79-E79 -> 216625.28
B81: Total Revenues | C81: =C18 -> 4716000 | D81: =D18 -> 4822268.8 | E81: =E18 -> 4493843.7 | F81: =F18+F65+F53 -> 500195
B82: Total Expenses | C82: =C79 -> 4710968.8 | D82: =D79 -> 4922848.8 | E82: =E79 -> 4494343.5 | F82: =F79+F16 -> 500195
B83: Revenue less Expenses | C83: =C81-C82 -> 5031.2 | D83: =D81-D82 -> -100579.97 | E83: =E81-E82 -> -499.7918 | F83: =F81-F82 -> 0 | H83: *$70,000 balance reallocated to consultants and purchased services
A86: Carry Forward | B86: FY25 EOY | I86: 2033743
B87: FY26 Building Improvements | I87: 30000
B88: Projected Carry Forward for End of FY26 (without taking into account shortfall and grant funds being applied) | I88: =I86-I87 -> 2003743

Sheet Scale-Educator-187 FY24
A1: Educator | C1: 187
A2: STEP | B2: FHM Level 1 | D2: FHM LEVEL 2 | F2: FHM LEVEL 3 | H2: FHM LEVEL 4 | J2: FHM LEVEL 5
B3: Annual Bachelor's Degree | C3: Daily Rate | D3: Annual (Bachelor's Degree + 20 Graduate Credits) | E3: Daily Rate | F3: Annual (Master's Degree) | G3: Daily Rate | H3: Annual (Master's Degree w/60-74 Graduate Credits) | I3: Daily Rate | J3: Annual (Master's Degree w/ 75+ Graduate Credits) | K3: Daily Rate
B4: 1 | C4: 1.5 | D4: 2 | E4: 2.5 | F4: 3 | G4: 3.5 | H4: 4 | I4: 4.5 | J4: 5 | K4: 5.5
A5: 1 | B5: 37142.75 | C5: =B5/$C$1 -> 198.62433 | D5: 41555.556 | E5: =+D5/$C$1 -> 222.22222 | F5: 45018.519 | G5: =F5/$C$1 -> 240.74074 | H5: 46007.937 | I5: =+H5/$C$1 -> 246.03175 | J5: 50000 | K5: =J5/$C$1 -> 267.37968
A6: 2 | B6: 38257.034 | C6: =B6/$C$1 -> 204.58307 | D6: 42802.222 | E6: =+D6/$C$1 -> 228.88889 | F6: 46369.074 | G6: =F6/$C$1 -> 247.96296 | H6: 47388.175 | I6: =+H6/$C$1 -> 253.4127 | J6: 50955.026 | K6: =J6/$C$1 -> 272.48677
A7: 3 | B7: 39404.745 | C7: =B7/$C$1 -> 210.72056 | D7: 44086.289 | E7: =+D7/$C$1 -> 235.75556 | F7: 47760.146 | G7: =F7/$C$1 -> 255.40185 | H7: 48809.82 | I7: =+H7/$C$1 -> 261.01508 | J7: 52483.677 | K7: =J7/$C$1 -> 280.66138
A8: 4 | B8: 40586.887 | C8: =B8/$C$1 -> 217.04218 | D8: 45408.878 | E8: =+D8/$C$1 -> 242.82822 | F8: 49192.951 | G8: =F8/$C$1 -> 263.06391 | H8: 50274.114 | I8: =+H8/$C$1 -> 268.84553 | J8: 54058.188 | K8: =J8/$C$1 -> 289.08122
A9: 5 | B9: 41804.494 | C9: =B9/$C$1 -> 223.55344 | D9: 46771.144 | E9: =+D9/$C$1 -> 250.11307 | F9: 50668.739 | G9: =F9/$C$1 -> 270.95582 | H9: 51782.338 | I9: =+H9/$C$1 -> 276.9109 | J9: 55679.933 | K9: =J9/$C$1 -> 297.75365
A10: 6 | B10: 43058.629 | C10: =B10/$C$1 -> 230.26005 | D10: 48174.278 | E10: =+D10/$C$1 -> 257.61646 | F10: 52188.801 | G10: =F10/$C$1 -> 279.0845 | H10: 53335.808 | I10: =+H10/$C$1 -> 285.21822 | J10: 57350.331 | K10: =J10/$C$1 -> 306.68626
A11: 7 | B11: 44350.388 | C11: =B11/$C$1 -> 237.16785 | D11: 49619.507 | E11: =+D11/$C$1 -> 265.34495 | F11: 53754.465 | G11: =F11/$C$1 -> 287.45703 | H11: 54935.882 | I11: =+H11/$C$1 -> 293.77477 | J11: 59070.841 | K11: =J11/$C$1 -> 315.88685
A12: 8 | B12: 45680.899 | C12: =B12/$C$1 -> 244.28288 | D12: 51108.092 | E12: =+D12/$C$1 -> 273.3053 | F12: 55367.099 | G12: =F12/$C$1 -> 296.08075 | H12: 56583.959 | I12: =+H12/$C$1 -> 302.58801 | J12: 60842.966 | K12: =J12/$C$1 -> 325.36346
A13: 9 | B13: 47051.326 | C13: =B13/$C$1 -> 251.61137 | D13: 52641.334 | E13: =+D13/$C$1 -> 281.50446 | F13: 57028.112 | G13: =F13/$C$1 -> 304.96317 | H13: 58281.477 | I13: =+H13/$C$1 -> 311.66565 | J13: 62668.255 | K13: =J13/$C$1 -> 335.12436
A14: 10 | B14: 48462.866 | C14: =B14/$C$1 -> 259.15971 | D14: 54220.575 | E14: =+D14/$C$1 -> 289.9496 | F14: 58738.956 | G14: =F14/$C$1 -> 314.11206 | H14: 60029.922 | I14: =+H14/$C$1 -> 321.01562 | J14: 64548.303 | K14: =J14/$C$1 -> 345.17809
A15: 11 | B15: 49916.752 | C15: =B15/$C$1 -> 266.9345 | D15: 55847.192 | E15: =+D15/$C$1 -> 298.64808 | F15: 60501.124 | G15: =F15/$C$1 -> 323.53542 | H15: 61830.819 | I15: =+H15/$C$1 -> 330.64609 | J15: 66484.752 | K15: =J15/$C$1 -> 355.53343
A16: 12 | B16: 51414.254 | C16: =B16/$C$1 -> 274.94254 | D16: 57522.608 | E16: =+D16/$C$1 -> 307.60753 | F16: 62316.158 | G16: =F16/$C$1 -> 333.24149 | H16: 63685.744 | I16: =+H16/$C$1 -> 340.56548 | J16: 68479.295 | K16: =J16/$C$1 -> 366.19944
... A24: 20 | B24: 65130.039 | C24: =B24/$C$1 -> 348.28898 | D24: 72867.918 | E24: =+D24/$C$1 -> 389.66801 | F24: 78940.245 | G24: =F24/$C$1 -> 422.14035 | H24: 80675.195 | I24: =+H24/$C$1 -> 431.41816 | J24: 86747.522 | K24: =J24/$C$1 -> 463.89049

Sheet Scale-Educator-189
A1: Educator | C1: 189
A3: STEP | B3: FHM LEVEL 1 | E3: FHM LEVEL 2 | H3: FHM LEVEL 3 | K3: FHM LEVEL 4 | N3: FHM LEVEL 5
B4: Annual Bachelor's Degree | C4: Daily Rate | D4: Hourly Rate | E4: Annual (Bachelor's Degree + 20 Graduate Credits) | F4: Daily Rate | G4: Hourly Rate | H4: Annual (Master's Degree) | I4: Daily Rate | J4: Hourly Rate | K4: Annual (Master's Degree w/60-74 Graduate Credits) | L4: Daily Rate | M4: Hourly Rate | N4: Annual (Master's Degree w/ 75+ Graduate Credits) | O4: Daily Rate | P4: Hourly Rate
A5: Step | B5: 1 | C5: 1.5 | E5: 2 | F5: 2.5 | H5: 3 | I5: 3.5 | K5: 4 | L5: 4.5 | N5: 5 | O5: 5.5
A6: 1 | B6: 37540 | C6: 198.62434 | D6: =+C6/8 -> 24.828042 | E6: 42000 | F6: 222.22222 | G6: =+F6/8 -> 27.777778 | H6: 45500 | I6: 240.74074 | J6: =+I6/8 -> 30.092593 | K6: 46500 | L6: 246.03175 | M6: =+L6/8 -> 30.753968 | N6: 50000 | O6: 264.55026 | P6: =+O6/8 -> 33.068783
A7: 2 | B7: =+B6*1.03 -> 38666.2 | C7: 204.58307 | D7: =+C7/8 -> 25.572884 | E7: =+E6*1.03 -> 43260 | F7: 228.88889 | G7: =+F7/8 -> 28.611111 | H7: =+H6*1.03 -> 46865 | I7: 247.96296 | J7: =+I7/8 -> 30.99537 | K7: 47895 | L7: 253.4127 | M7: =+L7/8 -> 31.676587 | N7: 51500 | O7: 272.48677 | P7: =+O7/8 -> 34.060847
A8: 3 | B8: =+B7*1.03 -> 39826.186 | C8: 210.72056 | D8: =+C8/8 -> 26.34007 | E8: =+E7*1.03 -> 44557.8 | F8: 235.75556 | G8: =+F8/8 -> 29.469444 | H8: =+H7*1.03 -> 48270.95 | I8: 255.40185 | J8: =+I8/8 -> 31.925231 | K8: 49331.85 | L8: 261.01508 | M8: =+L8/8 -> 32.626885 | N8: 53045 | O8: 280.66138 | P8: =+O8/8 -> 35.082672
A9: 4 | B9: =+B8*1.03 -> 41020.972 | C9: 217.04218 | D9: =+C9/8 -> 27.130272 | E9: =+E8*1.03 -> 45894.534 | F9: 242.82822 | G9: =+F9/8 -> 30.353528 | H9: =+H8*1.03 -> 49719.079 | I9: 263.06391 | J9: =+I9/8 -> 32.882988 | K9: 50811.806 | L9: 268.84553 | M9: =+L9/8 -> 33.605691 | N9: 54636.35 | O9: 289.08122 | P9: =+O9/8 -> 36.135152
A10: 5 | B10: =+B9*1.03 -> 42251.601 | C10: 223.55344 | D10: =+C10/8 -> 27.94418 | E10: =+E9*1.03 -> 47271.37 | F10: 250.11307 | G10: =+F10/8 -> 31.264134 | H10: =+H9*1.03 -> 51210.651 | I10: 270.95582 | J10: =+I10/8 -> 33.869478 | K10: 52336.16 | L10: 276.9109 | M10: =+L10/8 -> 34.613862 | N10: 56275.44 | O10: 297.75365 | P10: =+O10/8 -> 37.219207
A11: 6 | B11: =+B10*1.03 -> 43519.149 | C11: 230.26005 | D11: =+C11/8 -> 28.782506 | E11: =+E10*1.03 -> 48689.511 | F11: 257.61646 | G11: =+F11/8 -> 32.202058 | H11: =+H10*1.03 -> 52746.97 | I11: 279.0845 | J11: =+I11/8 -> 34.885562 | K11: 53906.244 | L11: 285.21822 | M11: =+L11/8 -> 35.652278 | N11: 57963.704 | O11: 306.68626 | P11: =+O11/8 -> 38.335783
A12: 7 | B12: =+B11*1.03 -> 44824.723 | C12: 237.16785 | D12: =+C12/8 -> 29.645981 | E12: =+E11*1.03 -> 50150.196 | F12: 265.34495 | G12: =+F12/8 -> 33.168119 | H12: =+H11*1.03 -> 54329.379 | I12: 287.45703 | J12: =+I12/8 -> 35.932129 | K12: 55523.432 | L12: 293.77477 | M12: =+L12/8 -> 36.721846 | N12: 59702.615 | O12: 315.88685 | P12: =+O12/8 -> 39.485856
A13: 8 | B13: =+B12*1.03 -> 46169.465 | C13: 244.28288 | D13: =+C13/8 -> 30.53536 | E13: =+E12*1.03 -> 51654.702 | F13: 273.3053 | G13: =+F13/8 -> 34.163163 | H13: =+H12*1.03 -> 55959.261 | I13: 296.08075 | J13: =+I13/8 -> 37.010093 | K13: 57189.135 | L13: 302.58801 | M13: =+L13/8 -> 37.823502 | N13: 61493.693 | O13: 325.36346 | P13: =+O13/8 -> 40.670432
A14: 9 | B14: =+B13*1.03 -> 47554.549 | C14: 251.61137 | D14: =+C14/8 -> 31.451421 | E14: =+E13*1.03 -> 53204.343 | F14: 281.50446 | G14: =+F14/8 -> 35.188058 | H14: =+H13*1.03 -> 57638.039 | I14: 304.96317 | J14: =+I14/8 -> 38.120396 | K14: 58904.809 | L14: 311.66565 | M14: =+L14/8 -> 38.958207 | N14: 63338.504 | O14: 335.12436 | P14: =+O14/8 -> 41.890545
A15: 10 | B15: =+B14*1.03 -> 48981.185 | C15: 259.15971 | D15: =+C15/8 -> 32.394964 | E15: =+E14*1.03 -> 54800.474 | F15: 289.9496 | G15: =+F15/8 -> 36.2437 | H15: =+H14*1.03 -> 59367.18 | I15: 314.11206 | J15: =+I15/8 -> 39.264008 | K15: 60671.953 | L15: 321.01562 | M15: =+L15/8 -> 40.126953 | N15: 65238.659 | O15: 345.17809 | P15: =+O15/8 -> 43.147261
A16: 11 | B16: =+B15*1.03 -> 50450.621 | C16: 266.9345 | D16: =+C16/8 -> 33.366813 | E16: =+E15*1.03 -> 56444.488 | F16: 298.64808 | G16: =+F16/8 -> 37.331011 | H16: =+H15*1.03 -> 61148.195 | I16: 323.53542 | J16: =+I16/8 -> 40.441928 | K16: 62492.112 | L16: 330.64609 | M16: =+L16/8 -> 41.330762 | N16: 67195.819 | O16: 355.53343 | P16: =+O16/8 -> 44.441679
A17: 12 | B17: =+B16*1.03 -> 51964.14 | C17: 274.94254 | D17: =+C17/8 -> 34.367817 | E17: =+E16*1.03 -> 58137.823 | F17: 307.60753 | G17: =+F17/8 -> 38.450941 | H17: =+H16*1.03 -> 62982.641 | I17: 333.24149 | J17: =+I17/8 -> 41.655186 | K17: 64366.875 | L17: 340.56548 | M17: =+L17/8 -> 42.570685 | N17: 69211.694 | O17: 366.19944 | P17: =+O17/8 -> 45.77493
A18: 13 | B18: =+B17*1.03 -> 53523.064 | C18: 283.19081 | D18: =+C18/8 -> 35.398852 | E18: =+E17*1.03 -> 59881.957 | F18: 316.83575 | G18: =+F18/8 -> 39.604469 | H18: =+H17*1.03 -> 64872.12 | I18: 343.23873 | J18: =+I18/8 -> 42.904842 | K18: 66297.881 | L18: 350.78244 | M18: =+L18/8 -> 43.847805 | N18: 71288.044 | O18: 377.18542 | P18: =+O18/8 -> 47.148177
... A25: 20 | B25: =+B24*1.03 -> 65826.617 | C25: 348.28898 | D25: =+C25/8 -> 43.536123 | E25: =+E24*1.03 -> 73647.254 | F25: 389.66801 | G25: =+F25/8 -> 48.708501 | H25: =+H24*1.03 -> 79784.525 | I25: 422.14035 | J25: =+I25/8 -> 52.767543 | K25: 81538.031 | L25: 431.41816 | M25: =+L25/8 -> 53.927269 | N25: 87675.303 | O25: 463.89049 | P25: =+O25/8 -> 57.986311

Sheet Scale-Educator-187 FY25
A1: Educator | C1: 187
A2: STEP | B2: FHM Level 1 | D2: FHM LEVEL 2 | F2: FHM LEVEL 3 | H2: FHM LEVEL 4 | J2: FHM LEVEL 5
B3: Annual Bachelor's Degree | C3: Daily Rate | D3: Annual (Bachelor's Degree + 20 Graduate Credits) | E3: Daily Rate | F3: Annual (Master's Degree) | G3: Daily Rate | H3: Annual (Master's Degree w/60-74 Graduate Credits) | I3: Daily Rate | J3: Annual (Master's Degree w/ 75+ Graduate Credits) | K3: Daily Rate | L3: 187 scale adjusted to accommodate reduction of 2 comp days for instructional staff while still receiveing the next anticipated 189 step. DM/MH 1.4.24
B4: 1 | C4: 1.5 | D4: 2 | E4: 2.5 | F4: 3 | G4: 3.5 | H4: 4 | I4: 4.5 | J4: 5 | K4: 5.5
A5: 1 | B5: 37540 | C5: =B5/$C$1 -> 200.74866 | D5: 42000 | E5: =+D5/$C$1 -> 224.59893 | F5: 45500 | G5: =F5/$C$1 -> 243.31551 | H5: 46500 | I5: =+H5/$C$1 -> 248.6631 | J5: 50000 | K5: =J5/$C$1 -> 267.37968
A6: 2 | B6: =+B5*1.03 -> 38666.2 | C6: =B6/$C$1 -> 206.77112 | D6: =+D5*1.03 -> 43260 | E6: =+D6/$C$1 -> 231.3369 | F6: =+F5*1.03 -> 46865 | G6: =F6/$C$1 -> 250.61497 | H6: 47895 | I6: =+H6/$C$1 -> 256.12299 | J6: 51500 | K6: =J6/$C$1 -> 275.40107
A7: 3 | B7: =+B6*1.03 -> 39826.186 | C7: =B7/$C$1 -> 212.97426 | D7: =+D6*1.03 -> 44557.8 | E7: =+D7/$C$1 -> 238.27701 | F7: =+F6*1.03 -> 48270.95 | G7: =F7/$C$1 -> 258.13342 | H7: 49331.85 | I7: =+H7/$C$1 -> 263.80668 | J7: 53045 | K7: =J7/$C$1 -> 283.6631
A8: 4 | B8: =+B7*1.03 -> 41020.972 | C8: =B8/$C$1 -> 219.36348 | D8: =+D7*1.03 -> 45894.534 | E8: =+D8/$C$1 -> 245.42532 | F8: =+F7*1.03 -> 49719.079 | G8: =F8/$C$1 -> 265.87743 | H8: 50811.806 | I8: =+H8/$C$1 -> 271.72089 | J8: 54636.35 | K8: =J8/$C$1 -> 292.17299
A9: 5 | B9: =+B8*1.03 -> 42251.601 | C9: =B9/$C$1 -> 225.94439 | D9: =+D8*1.03 -> 47271.37 | E9: =+D9/$C$1 -> 252.78807 | F9: =+F8*1.03 -> 51210.651 | G9: =F9/$C$1 -> 273.85375 | H9: 52336.16 | I9: =+H9/$C$1 -> 279.87251 | J9: 56275.44 | K9: =J9/$C$1 -> 300.93818
A10: 6 | B10: =+B9*1.03 -> 43519.149 | C10: =B10/$C$1 -> 232.72272 | D10: =+D9*1.03 -> 48689.511 | E10: =+D10/$C$1 -> 260.37172 | F10: =+F9*1.03 -> 52746.97 | G10: =F10/$C$1 -> 282.06936 | H10: 53906.244 | I10: =+H10/$C$1 -> 288.26869 | J10: 57963.704 | K10: =J10/$C$1 -> 309.96633
A11: 7 | B11: =+B10*1.03 -> 44824.723 | C11: =B11/$C$1 -> 239.7044 | D11: =+D10*1.03 -> 50150.196 | E11: =+D11/$C$1 -> 268.18287 | F11: =+F10*1.03 -> 54329.379 | G11: =F11/$C$1 -> 290.53144 | H11: 55523.432 | I11: =+H11/$C$1 -> 296.91675 | J11: 59702.615 | K11: =J11/$C$1 -> 319.26532
A12: 8 | B12: =+B11*1.03 -> 46169.465 | C12: =B12/$C$1 -> 246.89553 | D12: =+D11*1.03 -> 51654.702 | E12: =+D12/$C$1 -> 276.22835 | F12: =+F11*1.03 -> 55959.261 | G12: =F12/$C$1 -> 299.24738 | H12: 57189.135 | I12: =+H12/$C$1 -> 305.82425 | J12: 61493.693 | K12: =J12/$C$1 -> 328.84328
A13: 9 | B13: =+B12*1.03 -> 47554.549 | C13: =B13/$C$1 -> 254.3024 | D13: =+D12*1.03 -> 53204.343 | E13: =+D13/$C$1 -> 284.51521 | F13: =+F12*1.03 -> 57638.039 | G13: =F13/$C$1 -> 308.22481 | H13: 58904.809 | I13: =+H13/$C$1 -> 314.99898 | J13: 63338.504 | K13: =J13/$C$1 -> 338.70858
A14: 10 | B14: =+B13*1.03 -> 48981.185 | C14: =B14/$C$1 -> 261.93147 | D14: =+D13*1.03 -> 54800.474 | E14: =+D14/$C$1 -> 293.05066 | F14: =+F13*1.03 -> 59367.18 | G14: =F14/$C$1 -> 317.47155 | H14: 60671.953 | I14: =+H14/$C$1 -> 324.44895 | J14: 65238.659 | K14: =J14/$C$1 -> 348.86984
A15: 11 | B15: =+B14*1.03 -> 50450.621 | C15: =B15/$C$1 -> 269.78942 | D15: =+D14*1.03 -> 56444.488 | E15: =+D15/$C$1 -> 301.84218 | F15: =+F14*1.03 -> 61148.195 | G15: =F15/$C$1 -> 326.9957 | H15: 62492.112 | I15: =+H15/$C$1 -> 334.18242 | J15: 67195.819 | K15: =J15/$C$1 -> 359.33593
A16: 12 | B16: =+B15*1.03 -> 51964.14 | C16: =B16/$C$1 -> 277.8831 | D16: =+D15*1.03 -> 58137.823 | E16: =+D16/$C$1 -> 310.89745 | F16: =+F15*1.03 -> 62982.641 | G16: =F16/$C$1 -> 336.80557 | H16: 64366.875 | I16: =+H16/$C$1 -> 344.20789 | J16: 69211.694 | K16: =J16/$C$1 -> 370.11601
A17: 13 | B17: =+B16*1.03 -> 53523.064 | C17: =B17/$C$1 -> 286.21959 | D17: =+D16*1.03 -> 59881.957 | E17: =+D17/$C$1 -> 320.22437 | F17: =+F16*1.03 -> 64872.12 | G17: =F17/$C$1 -> 346.90973 | H17: 66297.881 | I17: =+H17/$C$1 -> 354.53412 | J17: 71288.044 | K17: =J17/$C$1 -> 381.21949
... A24: 20 | B24: =+B23*1.03 -> 65826.617 | C24: =B24/$C$1 -> 352.014 | D24: =+D23*1.03 -> 73647.254 | E24: =+D24/$C$1 -> 393.83558 | F24: =+F23*1.03 -> 79784.525 | G24: =F24/$C$1 -> 426.65522 | H24: 81538.031 | I24: =+H24/$C$1 -> 436.03225 | J24: 87675.303 | K24: =J24/$C$1 -> 468.85189

Sheet FHM Expenses
A32: FHM Budget | D32: SUM of Budget | M32: Purchased Services | P32: SUM of Budget | Q32: SUM of Spent | S32: Supplies & Materials | V32: SUM of Budget | W32: SUM of Spent
A33: Expenses Total | D33: =Overview!L32 -> 4496000 | M33: Jeffco Purchased Services | P33: ='GF020'!E74 -> 387483.52 | S33: Contingency Total | V33: 0
A34: Salaries & Benefits | D34: =Overview!L24+Overview!L25 -> 3600000 | M34: Other Services | P34: ='GF020'!E53-'GF020'!E41 -> 234000 | S34: Copier/Printing | V34: ='GF020'!E61 -> 15000
A35: Purchased Services | D35: =Overview!L26+Overview!L27 -> 872000 | M35: Facilities | P35: ='[2]FHM Budget'!E75 -> 250000 | S35: Office Supplies | V35: ='GF020'!E55 -> 1000
A36: Supplies & Materials | D36: =Overview!L28 -> 24000 | M36: TOTAL | P36: =P33+P35+P34 -> 871483.52 | S36: Student Supplies | V36: ='GF020'!E58+'GF020'!E62 -> 7500
S37: Grand Total | V37: =V34+V35+V36 -> 23500

Sheet FHM Revenue
A31: Great Schools Grant | D31: SUM of Budget | G31: Revenues | J31: SUM of Budget
A32: Expenses Total | D32: =D33+D34+D35+D36 -> 380860 | G32: UPK | J32: ='GF020'!E9 -> 281079.78
A33: Employee Training | D33: 43200 | G33: Tuition | J33: ='GF020'!E8 -> 528452.05
A34: Contracted Services | D34: 6000 | G34: Mill Levy Override | J34: ='GF020'!E11 -> 526000
A35: Technology | D35: 139000 | G35: PPR | J35: ='GF020'!E10 -> 3025000
A36: Classroom Materials | D36: 192660 | G36: SPED Tier A | J36: ='GF020'!E12 -> 83000
A37: Curriculum | D37: 82335 | G37: Capital Outlay | J37: ='GF020'!E14 -> 50311.9
G38: Grants
G39: Grand Total | J39: =SUM(J32:J37) -> 4493843.7

Sheet FFY26_GSC_Spend
A1: 4 | B1: 5 | C1: 6
A2: During which Academic School Year | B2: Description/Budget Narrative (Purpose, Quantity, Target User) | C2: GSC Comment/Note | D2: Amount | E2: Account Description
A4: 7/1/26-9/30/26 | B4: UE Montessori Classrooms Curriculum: 3, $20,000 full Montessori upper elementary (grades 4-6, total projected enrollment of 125) classroom outfits to provide needed curriculum for reintegrating 6th grade into upper elementary classrooms in order provide an authentic Montessori education. This will equip each environment independently and complete material sequences. Advanced apparatuses, such as the Theorem of Pythagoras, Fraction Cabinet, and Infinity Street Hierarchy, specifically support 6th grade reintegration by providing concrete visual representations for complex geometry, rational numbers, and place value concepts. Outfitting all four classrooms with dedicated sets guarantees equitable student access and seamless implementation of the 9–12 multi-age curriculum without requiring shared equipment. This materials are necessary due to the speciialization of Montessori materials needed for upper elementary students (grades 4-6) as opposed to the reduced materials need to only support grades 4 and 5. | C4: Approved. As a district-to-charter conversion school, the purchase establishes independently owned Montessori classroom environments necessary to implement the approved instructional program. | D4: =ROUND(#REF!,0) -> #REF! | E4: =_xlfn.XLOOKUP(G4,[3]Accounts!#REF!,[3]Accounts!#REF!) -> #REF!
A5: 7/1/26-9/30/26 | B5: UE Montessori Classrooms Curriculum Shipping: Freight charges for 4 full Upper Elementary classroom outfits | C5: Approved | D5: =ROUND(#REF!,0) -> #REF! | E5: =_xlfn.XLOOKUP(G5,[3]Accounts!#REF!,[3]Accounts!#REF!) -> #REF!
A6: 7/1/26-9/30/26 | B6: Café Tables: purchase 12 café tables at $2200 a piece for all grades PK-8, total projected enrollment of 400 | C6: Approved | D6: =ROUND(#REF!,0) -> #REF! | E6: =_xlfn.XLOOKUP(G6,[3]Accounts!#REF!,[3]Accounts!#REF!) -> #REF!
A7: 7/1/26-9/30/26 | B7: Server hardware: $27,900 for 1 server hardware installation to provide our students with equitable access to internet and technology supports | C7: Approved | D7: 27900 | E7: =_xlfn.XLOOKUP(G7,[3]Accounts!#REF!,[3]Accounts!#REF!) -> #REF!
A8: 7/1/26-9/30/26 | B8: Server installation: $6,200 an hour for 5 hour server labor installation | C8: Approved | D8: 7200 | E8: =_xlfn.XLOOKUP(G8,[3]Accounts!#REF!,[3]Accounts!#REF!) -> #REF!
A9: 7/1/26-9/30/26 | B9: Student Chromebooks: 180 student chromebooks purchased from the school district at $236 a piece for grades 4-8 in order to provide support for testing, including CMAS, CoGAT, and MAP testing | C9: Approved | D9: =ROUND(#REF!,0) -> #REF! | E9: =_xlfn.XLOOKUP(G9,[3]Accounts!#REF!,[3]Accounts!#REF!) -> #REF!
A10: 7/1/26-9/30/26 | B10: Classroom Assistant Training: Montessori and PDIS training for all classroom assistants at $250 per person for 23 individuals in order to provide support to all types of learner | C10: Approved | D10: =ROUND(#REF!,0) -> #REF! | E10: =_xlfn.XLOOKUP(G10,[3]Accounts!#REF!,[3]Accounts!#REF!) -> #REF!
A11: 7/1/26-9/30/26 | B11: Board of Directors Training: Provide in-person training for our Board of Directors to ensure responsible stewardship and sustainability of our newly formed charter school | C11: Approved | D11: =ROUND(#REF!,0) -> #REF! | E11: =_xlfn.XLOOKUP(G11,[3]Accounts!#REF!,[3]Accounts!#REF!) -> #REF!
A12: 7/1/26-9/30/26 | B12: Classroom consumables: one time expense to procure consumable classroom materials including paper, pencils, journals, glue, markers, crayons, binders, folders, colored pencils, tape, staples, tissue, etc., to support 400 projected students at $40 a student in a newly formed Montessori charter school | C12: Approved | D12: =ROUND(#REF!,0) -> #REF! | E12: =_xlfn.XLOOKUP(G12,[3]Accounts!#REF!,[3]Accounts!#REF!) -> #REF!
A13: 7/1/26-9/30/26 | B13: CKLA Literacy Curriculum: CDE approved literacy curriculum for grades KG-8 at $5700 per level at 4 levels. This one time expense would include instructional guides, non-consumable instructional materials, digital resources, and literacy curriculum access to all lead teachers. | C13: Approved | D13: =ROUND(#REF!,0) -> #REF! | E13: =_xlfn.XLOOKUP(G13,[3]Accounts!#REF!,[3]Accounts!#REF!) -> #REF!
A14: 7/1/26-9/30/26 | B14: Literacy Curriculum Professional development: CKLA literacy implementation teacher training at $225 per classroom for 18 classrooms | C14: Approved | D14: =ROUND(#REF!,0) -> #REF! | E14: =_xlfn.XLOOKUP(G14,[3]Accounts!#REF!,[3]Accounts!#REF!) -> #REF!
A15: 7/1/26-9/30/26 | B15: Upper Elementary Classroom Chairs: classroom chairs at $70 a chair for grades 4-6 in order to accommodate 120 students into our newly formed charter school | C15: Approved | D15: =ROUND(#REF!,0) -> #REF! | E15: =_xlfn.XLOOKUP(G15,[3]Accounts!#REF!,[3]Accounts!#REF!) -> #REF!
A16: 7/1/26-9/30/26 | B16: Sensory Classroom Kit: provide a dedicated calming, sensory sensitive space to support our neurodivergent learners who qualify for individual learning supports including individualized learning plans, 504 accommodations, and advanced learning plans, who account for approximately 30% of our confirmed 2026-2027 enrollment. The classroom would include: 2 mirror wall panels at $150 each, 3 sensory therapy tents at $120 each, 1 special need tactic wall at $2800, 1 cocoon swing at $670, 2 therapy chairs at $1200, and 1 calming corner furniture set of 2 chairs, a rug, a table, and 1 shelf at $1100 a piece, 1 platform bubble tube at $880, and 6 ball chairs at $245 a piece | C16: Approved | D16: =ROUND(#REF!,0) -> #REF! | E16: =_xlfn.XLOOKUP(G16,[3]Accounts!#REF!,[3]Accounts!#REF!) -> #REF!
A17: 7/1/26-9/30/26 | B17: Electric Keyboards: 26 electric piano keyboards at $170 a piece in order to provide music enrichment and music theory classes to grades KG-8 | C17: Approved | D17: =ROUND(#REF!,0) -> #REF! | E17: =_xlfn.XLOOKUP(G17,[3]Accounts!#REF!,[3]Accounts!#REF!) -> #REF!
A18: 7/1/26-9/30/26 | B18: School Library Seating: 6 library tables at $340 a piece, 32 table chairs at $240 a piece, and 4 curved soft seating chairs at $1500 a piece to furnish library in order to provide equitable information access to all 400 students of our newly formed Montessori charter school | C18: Approved | D18: =ROUND(#REF!,0) -> #REF! | E18: =_xlfn.XLOOKUP(G18,[3]Accounts!#REF!,[3]Accounts!#REF!) -> #REF!
A19: 7/1/26-9/30/26 | B19: School Library Shelves: 8 library shelves at $900 a piece to provide library shelving for equitable information access to all 400 students of our newly formed Montessori charter school | C19: Approved | D19: =ROUND(#REF!,0) -> #REF! | E19: =_xlfn.XLOOKUP(G19,[3]Accounts!#REF!,[3]Accounts!#REF!) -> #REF!
A20: 7/1/26-9/30/26 | B20: Non-Fiction Library Books: provide a comprehensive non-fiction section in the school library at an estimated 300 books at $15 a book which supports all grades, PK3-8 (400 projected enrollment) | C20: Approved | D20: =ROUND(#REF!,0) -> #REF! | E20: =_xlfn.XLOOKUP(G20,[3]Accounts!#REF!,[3]Accounts!#REF!) -> #REF!
... A23: 7/1/26-9/30/26 | B23: 1 mobile medical clinic cart at $1050 to support students if they are unable to come to immediately come to the clinic; 1 72inch clinic bed at $840 to provide care to students within the clinic, 1 locking storage cabinet at $1090 to maintain student safety standards | C23: Approved | D23: =ROUND(#REF!,0) -> #REF! | E23: =_xlfn.XLOOKUP(G23,[3]Accounts!#REF!,[3]Accounts!#REF!) -> #REF!

Sheet Revision Priorities
A1: Grant Revision Flow Chart
A2: 1. Student Success
A3: Curriculum, Classroom Materials, Shared Spaces
A4: ↓
A5: 2. Training
A6: Montessori Certification, Orton-Gillingham, Assistant Training, All Staff CPR, Admin Training,
A7: Board of Directors Training
A8: ↓
A9: 3. Community Engagement
A10: Event Equipment, Branding Materials, Engagement/Enrollment Facilitation
A11: ↓
A12: 4. Minor Facility Repair
A13: Indoor Paint, Outdoor Paint

Sheet Jeffco Benefits
A1: HEALTH | C1: Charter contribution: $600 Jeffco Contribution: $650 / $700
A2: Kaiser Permenente | B2: 0.0249 | C2: KP DHMO | E2: 2322.52 | F2: 193.54 | G2: KP HDHP I | I2: 1003.22 | J2: 83.6 | K2: KP HDHP II | M2: 0 | N2: 0 | O2: 7197.36
C3: Option | D3: Charter | E3: $ Increase | F3: % Increase | G3: Option | H3: Charter | I3: $ Increase | J3: % Increase | K3: Option | L3: Charter | M3: $ Increase | N3: % Increase
A4: Employee Only | C4: 137.46 | D4: 241.32 | E4: 103.86 | F4: 1.7556 | G4: 30.94 | H4: 131.38 | I4: 100.44 | J4: 4.2461 | K4: 0 | L4: 47.78 | M4: 47.78 | N4: #DIV/0!
A5: Employee & Spouse | C5: 924.91 | D5: 1048.38 | E5: 123.47 | F5: 1.1335 | G5: 709.35 | H5: 828.5 | I5: 119.15 | J5: 1.168 | K5: 520.48 | L5: 633.88 | M5: 113.4 | N5: 1.2179
A6: Employee & Child(ren) | C6: 796.17 | D6: 967.68 | E6: 171.51 | F6: 1.2154 | G6: 607.1 | H6: 758.78 | I6: 151.69 | J6: 1.9184 | K6: 411.96 | L6: 573.9 | M6: 161.94 | N6: 1.3931
A7: Employee & Family | C7: 1426.13 | D7: 1613.33 | E7: 187.2 | F7: 1.1313 | G7: 1164.66 | H7: 1316.34 | I7: 151.69 | J7: 1.1302 | K7: 880.19 | L7: 1053.79 | M7: 173.6 | N7: 1.1972
A8: Split-Contract Family | C8: 776.13 | D8: 1047.58 | E8: 271.45 | F8: 1.3497 | G8: 498.47 | H8: 750.6 | I8: 252.13 | J8: 1.5058 | K8: 230.19 | L8: 488.05 | M8: 257.86 | N8: 2.1202
C9: 650 | D9: 565.74 | G9: 666.19 | H9: 565.74 | K9: 650 | L9: 565.74
A10: United Healthcare | B10: 0.287 | C10: UHC $0 Surest Deductable | E10: 4120.69 | F10: 343.39 | G10: UHC HDHP | I10: 3357.76 | J10: 279.81
C11: Option | D11: Charter | E11: $ Increase | F11: % Increase | G11: Option | H11: Charter | I11: $ Increase | J11: % Increase
A12: Employee Only | C12: 201.47 | D12: 327.59 | E12: 126.13 | F12: 1.626 | G12: 265.04 | H12: 391.17 | I12: 126.13 | J12: 1.4759
A13: Employee & Spouse | C13: 1239.47 | D13: 1365.6 | E13: 126.13 | F13: 1.1018 | G13: 1366.63 | H13: 1492.75 | I13: 126.13 | J13: 1.0923
A14: Employee & Child(ren) | C14: 1071.31 | D14: 1261.79 | E14: 190.48 | F14: 1.7751 | G14: 924.98 | H14: 1382.59 | I14: 457.6 | J14: 2.2415
A15: Employee & Family | C15: 1901.72 | D15: 2092.2 | E15: 190.48 | F15: 1.1002 | G15: 2073.38 | H15: 2263.86 | I15: 190.48 | J15: 1.0919
A16: Split-Contract Family | C16: 1065.17 | D16: 1381.77 | E16: 316.6 | F16: 1.2972 | G16: 1236.83 | H16: 1553.43 | I16: 316.6 | J16: 1.256
C17: 836.55 | D17: 710.42 | G17: 836.55 | H17: 710.42
A19: DENTAL/ VISION | C19: Charter contribution: $0 Jeffco Contribution: $10
C20: Delta Dental PPO | E20: 0.055 | G20: Delta Dental PPO + Premier | K20: EyeMed Vision | M20: 0.115
C21: Option | D21: Charter | E21: $ Increase | F21: % Increase | G21: Option | H21: Charter | I21: $ Increase | J21: % Increase | K21: Option | L21: Charter | M21: $ Increase | N21: % Increase
A22: Employee Only | C22: 28.68 | D22: 38.68 | E22: 10 | F22: 1.3487 | G22: 40.69 | H22: 50.69 | I22: 10 | J22: 1.2458 | K22: 8.68 | L22: 8.68 | M22: 0 | N22: 1
A23: Employee & Spouse | C23: 67.37 | D23: 77.37 | E23: 10 | F23: 1.1484 | G23: 91.38 | H23: 101.38 | I23: 10 | J23: 1.1094 | K23: 17.37 | L23: 17.37 | M23: 0 | N23: 1
A24: Employee & Child(ren) | C24: 67.37 | D24: 77.37 | E24: 10 | F24: 1.1484 | G24: 91.38 | H24: 101.38 | I24: 10 | J24: 1.5547 | K24: 17.37 | L24: 17.37 | M24: 0 | N24: 1
A25: Employee & Family | C25: 106.06 | D25: 116.06 | E25: 10 | F25: 1.0943 | G25: 142.07 | H25: 152.07 | I25: 10 | J25: 1.0704 | K25: 26.05 | L25: 26.05 | M25: 0 | N25: 1
D27: FHM Constribution | I27: PERA 21% | K27: TOTAL BENEFITS
A28: FY27 Employees | C28: Benefits | D28: Medical | E28: Dental | F28: Months | G28: Monthly Total | H28: Annual Total | I28: Monthly Total | J28: Annual Total | K28: Monthly Total | L28: Annual Total
A29: 60 | C29: 600 | F29: 12 | G29: 36000 | H29: 432000 | I29: 50242.5 | J29: 602910 | K29: 86242.5 | L29: 1034910

Sheet Market Study
A4: School | C4: Program | D4: FY24 Tuition | E4: FY25 Tuition | F4: FY26 Tuition | G4: % increase | H4: Daily Rate
A5: Colorado Christian Montessori, Arvada | B5: Private | C5: PK 1.0 4D | D5: 7991 | E5: 8630 | F5: 8630 | G5: =F5/E5 -> 1 | H5: =F5/174 -> 49.597701
A6: Colorado Christian Montessori, Arvada | B6: Private | C6: PK 1.0 5D | D6: 9261 | E6: 10002 | F6: 10002 | G6: =F6/E6 -> 1 | H6: =F6/174 -> 57.482759
A7: Colorado Christian Montessori, Arvada | B7: Private | C7: PK 0.5 4D | D7: 4862 | E7: 5251 | F7: 5251 | G7: =F7/E7 -> 1 | H7: =F7/174 -> 30.178161
A8: Colorado Christian Montessori, Arvada | B8: Private | C8: PK 0.5 5D | D8: 5788 | E8: 6251 | F8: 6251 | G8: =F8/E8 -> 1 | H8: =F8/174 -> 35.925287
A9: Compass Montessori, Golden/Wheat Ridge | B9: Public Charter | C9: PK3 1.0 5D | D9: 10150 | E9: 12000 | F9: 12300 | G9: =F9/E9 -> 1.025 | H9: =F9/174 -> 70.689655
A10: Compass Montessori, Golden/Wheat Ridge | B10: Public Charter | C10: PK4 1.0 5D | D10: 0 | E10: 0 | F10: 6200 | G10: =F10/E10 -> #DIV/0! | H10: =F10/174 -> 35.632184
A11: Free Horizon Montessori, Golden | B11: Public Option | C11: PK3 1.0 3D | D11: 7086.24 | E11: 7086.24 | F11: 7200 | G11: =F11/E11 -> 1.0160536 | H11: =F11/174 -> 41.37931
A12: Free Horizon Montessori, Golden | B12: Public Option | C12: PK3 1.0 5D | D12: 9984.4 | E12: 9984.4 | F12: 10300 | G12: =F12/E12 -> 1.0316093 | H12: =F12/174 -> 59.195402
A13: Free Horizon Montessori, Golden | B13: Public Option | C13: PK4 1.0 3D | D13: 7086.24 | E13: 7334.2584 | F13: 7610.4253 | G13: =F13/E13 -> 1.0376544 | H13: =F13/174 -> 43.738077
A14: Free Horizon Montessori, Golden | B14: Public Option | C14: PK4 1.0 5D | D14: 9984.4 | E14: 10483.62 | F14: 10860.433 | G14: =F14/E14 -> 1.0359431 | H14: =F14/174 -> 62.416284
A15: Jefferson County Preschools, Jeffco | B15: Public Preschool | C15: PK3 1.0 5D | D15: 9200 | E15: 10000 | F15: 10300 | G15: =F15/E15 -> 1.03 | H15: =F15/164 -> 62.804878
A16: Jefferson County Preschools, Jeffco | B16: Public Preschool | C16: PK3 0.5 4D | D16: 4050 | E16: 5000 | F16: 5150 | G16: =F16/E16 -> 1.03 | H16: =F16/164 -> 31.402439 | P16: w/ UPK | R16: FY26/FY25 15 Hr UPK Contribution
A17: Jefferson County Preschools, Jeffco | B17: Public Preschool | C17: PK4 1.0 5D | D17: 0 | E17: 5000 | F17: 5150 | G17: =F17/E17 -> 1.03 | H17: =F17/164 -> 31.402439 | P17: w/ UPK | R17: =6110.43/6061 -> 1.0081554
A18: Jefferson County Preschools, Jeffco | B18: Public Preschool | C18: PK4 0.5 4D | D18: 0 | E18: 0 | F18: 0 | G18: =F18/E18 -> #DIV/0! | H18: =F18/174 -> 0
A19: Montessori Academy of Colorado, Denver Metro | B19: Independent/Private | C19: PK 1.0 5D | D19: 22215 | E19: 23800 | F19: 23800 | G19: =F19/E19 -> 1 | H19: =F19/174 -> 136.78161 | R19: Estimated FY27 UPK Contribution: FY26 * 1%
A20: Montessori Peaks Academy, Littleton | B20: Public Charter | C20: PK4 1.0 5D | D20: 10513.26 | E20: 10513.26 | F20: 10829 | G20: =F20/E20 -> 1.0300325 | H20: =F20/174 -> 62.235632 | R20: =6110.43*101% -> 6171.5343
A21: Montessori Peaks Academy, Littleton | B21: Public Charter | C21: PK3 1.0 4D | D21: 7500 | E21: 7650 | F21: 7880 | G21: =F21/E21 -> 1.0300654 | H21: =F21/174 -> 45.287356
A22: Montessori Peaks Academy, Littleton | B22: Public Charter | C22: PK3 1.0 5D | D22: 8400 | E22: 8570 | F22: 8827 | G22: =F22/E22 -> 1.0299883 | H22: =F22/174 -> 50.729885
A23: Montessori Peaks Academy, Littleton | B23: Public Charter | C23: PK3 0.5 4D | D23: 5500 | E23: 5610 | F23: 5778 | G23: =F23/E23 -> 1.0299465 | H23: =F23/174 -> 33.206897
A24: Montessori Peaks Academy, Littleton | B24: Public Charter | C24: PK3 0.5 5D | D24: 5950 | E24: 6070 | F24: 6252 | G24: =F24/E24 -> 1.0299835 | H24: =F24/174 -> 35.931034
A25: Montessori Peaks Academy, Littleton | B25: Public Charter | C25: PK4 0.5 5D | D25: 5890 | E25: 6010 | F25: 6190 | G25: =F25/E25 -> 1.0299501 | H25: =F25/174 -> 35.574713
A26: Montessori School of Denver, Denver | B26: Private | C26: PK 1.0 5D | D26: 23550 | E26: 24750 | F26: 24750 | G26: =F26/E26 -> 1 | H26: =F26/174 -> 142.24138
A27: Montessori School of Denver, Denver | B27: Private | C27: PK 0.5 5D | D27: 14200 | E27: 15000 | F27: 15000 | G27: =F27/E27 -> 1 | H27: =F27/174 -> 86.206897
A28: Montessori School of Evergreen, Evergreen | B28: Private | C28: PK 1.0 5D | D28: 19000 | E28: 19900 | F28: 22400 | G28: =F28/E28 -> 1.1256281 | H28: =F28/174 -> 128.73563
A29: Montessori School of Evergreen, Evergreen | B29: Private | C29: PK 0.5 5D | D29: 14000 | E29: 14900 | F29: 18900 | G29: =F29/E29 -> 1.2684564 | H29: =F29/174 -> 108.62069
A30: Sunflower Montessori School, Littleton | B30: Private (12mo-6yr) | C30: PK 1.0 5D | D30: 13250 | E30: 13250 | F30: 14330 | G30: =F30/E30 -> 1.0815094 | H30: =F30/174 -> 82.356322
A31: Sunflower Montessori School, Littleton | B31: Private (12mo-6yr) | C31: PK 1.0 4D | D31: 12250 | E31: 12250 | F31: 13250 | G31: =F31/E31 -> 1.0816327 | H31: =F31/174 -> 76.149425
A32: Sunflower Montessori School, Littleton | B32: Private (12mo-6yr) | C32: PK 0.5 5D | D32: 9800 | E32: 9800 | F32: 10600 | G32: =F32/E32 -> 1.0816327 | H32: =F32/174 -> 60.91954
A33: Sunflower Montessori School, Littleton | B33: Private (12mo-6yr) | C33: PK 0.5 4D | D33: 8800 | E33: 8800 | F33: 9250 | G33: =F33/E33 -> 1.0511364 | H33: =F33/174 -> 53.16092
A35: https://www.bls.gov/regions/mountain-plains/news-release/consumerpriceindex_denver.htm

Sheet Tuition Proposed Rate Increases
A3: Proposed Rate Increase
A4: Program | B4: Current Rate | C4: Increase | D4: Annual | E4: FY26 UPK Contribution | F4: FY26 10 Monthly Payments | G4: FY27 10 Monthly Payments | H4: Monthly Increase | I4: Annual Increase | J4: Need to increase tuition to be more in line with PPR
A5: PK5FD 3yo | B5: 10300 | C5: 0.068 | D5: =(B5*C5)+B5 -> 11000.4 | E5: 0 | F5: =C42/10 -> 1030 | G5: =D5/10 -> 1100.04 | H5: =G5-F5 -> 70.04 | I5: =H5*10 -> 700.4
A6: PK5FD 4yo | B6: 10860.43 | C6: 0.023 | D6: =(B6*C6)+B6 -> 11110.22 | E6: 6110.43 | F6: =(B6-6110)/10 -> 475.043 | G6: =(D6-E6)/10 -> 499.97899 | H6: =G6-F6 -> 24.935989 | I6: =H6*10 -> 249.35989
A7: PK3FD 3yo | B7: 7200 | C7: 0.0418 | D7: =(B7*C7)+B7 -> 7500.96 | E7: 0 | F7: =C45/10 -> 720 | G7: =D7/10 -> 750.096 | H7: =G7-F7 -> 30.096 | I7: =H7*10 -> 300.96
A8: PK3FD 4yo | B8: 7610.43 | C8: 0 | D8: =(B8*C8)+B8 -> 7610.43 | E8: 6110.43 | F8: =(B8-E8)/10 -> 150 | G8: =(D8-E8)/10 -> 150 | H8: =G8-F8 -> 0 | I8: =H8*10 -> 0
B9: Avg increase | C9: =SUM(C5:C8)*100/4 -> 3.32 | D9: %
A12: Historical Tuition Rates
A13: School Year | B13: Program | C13: Tuition Rate | D13: $ increase per year | E13: % Increase Year over Year | F13: Average
B14: PK45FD
A15: 2014_15 | C15: 6690 | F15: =(E16+E17+E18+E19+E20+E21+E22+E23+E24+E25+E26)/11 -> 0.042933224
A16: 2015_16 | C16: 7169 | D16: =C16-C15 -> 479 | E16: =D16/C16 -> 0.066815455
A17: 2016_17 | C17: 7384 | D17: =C17-C16 -> 215 | E17: =D17/C17 -> 0.02911701
A18: 2017_18 | C18: 7606 | D18: =C18-C17 -> 222 | E18: =D18/C18 -> 0.029187484
A19: 2018_19 | C19: 7872 | D19: =C19-C18 -> 266 | E19: =D19/C19 -> 0.03379065
A20: 2019_20 | C20: 8069 | D20: =C20-C19 -> 197 | E20: =D20/C20 -> 0.024414426
A21: 2020_21 | C21: 8470 | D21: =C21-C20 -> 401 | E21: =D21/C21 -> 0.047343566
A22: 2021_22 | C22: 8724 | D22: =C22-C21 -> 254 | E22: =D22/C22 -> 0.029115085
A23: 2022_23 | C23: 9160 | D23: =C23-C22 -> 436 | E23: =D23/C23 -> 0.047598253
A24: 2023_24 | C24: 9984.4 | D24: =C24-C23 -> 824.4 | E24: =D24/C24 -> 0.082568807
A25: 2024_25 | B25: w/o UPK | C25: 10483.62 | D25: =C25-C24 -> 499.22 | E25: =D25/C25 -> 0.047619048
A26: 2025_26 | B26: w/o UPK | C26: 10860.43 | D26: =C26-C25 -> 376.81 | E26: =D26/C26 -> 0.03469568
B27: PK43FD
A28: 2014_15 | C28: 4800 | F28: =(E29+E30+E31+E32+E33+E34+E35+E36+E37+E38+E39)/11 -> 0.040766905
A29: 2015_16 | C29: 4944 | D29: =C29-C28 -> 144 | E29: =D29/C29 -> 0.029126214
A30: 2016_17 | C30: 5092 | D30: =C30-C29 -> 148 | E30: =D30/C30 -> 0.0290652
A31: 2017_18 | C31: 5245 | D31: =C31-C30 -> 153 | E31: =D31/C31 -> 0.029170639
A32: 2018_19 | C32: 5429 | D32: =C32-C31 -> 184 | E32: =D32/C32 -> 0.033892061
A33: 2019_20 | C33: 5565 | D33: =C33-C32 -> 136 | E33: =D33/C33 -> 0.024438455
A34: 2020_21 | C34: 5850 | D34: =C34-C33 -> 285 | E34: =D34/C34 -> 0.048717949
A35: 2021_22 | C35: 6025 | D35: =C35-C34 -> 175 | E35: =D35/C35 -> 0.029045643
A36: 2022_23 | C36: 6327 | D36: =C36-C35 -> 302 | E36: =D36/C36 -> 0.047731942
A37: 2023_24 | C37: 7086.24 | D37: =C37-C36 -> 759.24 | E37: =D37/C37 -> 0.10714286
A38: 2024_25 | B38: w/o UPK | C38: 7334.26 | D38: =C38-C37 -> 248.02 | E38: =D38/C38 -> 0.033816636
A39: 2025_26 | B39: w/o UPK | C39: 7610.43 | D39: =C39-C38 -> 276.17 | E39: =D39/C39 -> 0.036288357
B40: PK35FD
A41: 2024_25 | C41: 9984.4 | D41: 0 | E41: =D41/C41 -> 0 | F41: =(E41+E42)/2 -> 0.015320388
A42: 2025_26 | C42: 10300 | D42: =C42-C41 -> 315.6 | E42: =D42/C42 -> 0.030640777
B43: PK33FD
A44: 2024_25 | C44: 7086.24 | D44: 0 | E44: =D44/C44 -> 0 | F44: =(E44+E45)/2 -> 0.0079
A45: 2025_26 | C45: 7200 | D45: =C45-C44 -> 113.76 | E45: =D45/C45 -> 0.0158
A48: Historical
A49: 2014_15 | B49: PK5HD | C49: 4490 | F49: =(E50+E51+E52+E53+E54+E55+E56)/7 -> 0.031877596
A50: 2015_16 | C50: 4625 | D50: =C50-C49 -> 135 | E50: =D50/C50 -> 0.029189189
A51: 2016_17 | C51: 4764 | D51: =C51-C50 -> 139 | E51: =D51/C51 -> 0.029177162
A52: 2017_18 | C52: 4907 | D52: =C52-C51 -> 143 | E52: =D52/C52 -> 0.029142042
A53: 2018_19 | C53: 5080 | D53: =C53-C52 -> 173 | E53: =D53/C53 -> 0.034055118
A54: 2019_20 | C54: 5207 | D54: =C54-C53 -> 127 | E54: =D54/C54 -> 0.024390244
A55: 2020_21 | C55: 5470 | D55: =C55-C54 -> 263 | E55: =D55/C55 -> 0.048080439
A56: 2021_22 | C56: 5634 | D56: =C56-C55 -> 164 | E56: =D56/C56 -> 0.029108981
A57: 2022_23 | C57: NA | E57: NA
A58: 2023_24 | C58: NA | E58: NA
A59: 2024_25 | C59: NA | E59: NA

Sheet Tuition Per 6 RM Model
A1: PK Revenue
A3: Proposed Tuition Rates - 5 full day rooms, 1 3 day room
A4: Program | B4: Full Tuition | C4: UPK Slots | D4: 25_26 Current Tuition Rate | E4: 26_27 Purposed Tuition Rate | F4: % Change | G4: 26_27 UPK Rate | H4: 26_27 Monthly Tuition | I4: 26_27 Daily Rate | J4: 26_27 Hourly Rate | K4: Annual $ Program Change | L4: Total Tuition at New Rate | M4: Notes
A5: KG | B5: 44
A6: 3 year old PK5FD | B6: 15 | C6: 0 | D6: 10300 | E6: =(D6*F6)+D6 -> 11000.4 | F6: ='Tuition Proposed Rate Increases'!C5 -> 0.068 | H6: =(E6-G6)/10 -> 1100.04 | I6: =H6/20 -> 55.002 | J6: =I6/7 -> 7.8574286 | K6: =D6*F6 -> 700.4 | L6: =E6*B6 -> 165006 | M6: add additional 3 day in 5 day if necessary
A7: 3 year old PK3FD | B7: 7 | C7: 0 | D7: 7200 | E7: =(D7*F7)+D7 -> 7500.96 | F7: ='Tuition Proposed Rate Increases'!C7 -> 0.0418 | H7: =(E7-G7)/10 -> 750.096 | I7: =H7/12 -> 62.508 | J7: =I7/7 -> 8.9297143 | K7: =D7*F7 -> 300.96 | L7: =E7*B7 -> 52506.72
A8: 4 year old PK5FD | B8: 0 | C8: 41 | D8: 10860.433 | E8: =(D8*F8)+D8 -> 11110.223 | F8: ='Tuition Proposed Rate Increases'!C6 -> 0.023 | G8: 6110.43 | H8: =(E8-G8)/10 -> 499.97934 | I8: =(E8/10)/20 -> 55.551117 | J8: =I8/7 -> 7.9358739 | K8: =D8*F8 -> 249.78997 | L8: =E8*C8 -> 455519.16 | M8: add additional 3 day in 5 day if necessary
A9: 4 year old PK3FD | B9: 0 | C9: 5 | D9: 7610.4253 | E9: =(D9*F9)+D9 -> 7610.4253 | F9: ='Tuition Proposed Rate Increases'!C8 -> 0 | G9: 6110.43 | H9: =(E9-G9)/10 -> 149.99953 | I9: =(E9/10)/12 -> 63.420211 | J9: =I9/7 -> 9.0600301 | K9: =D9*F9 -> 0 | L9: =E9*C9 -> 38052.127
B10: =SUM(B6:B9) -> 22 | C10: =SUM(C8:C9) -> 46 | L10: =SUM(L5:L9) -> 711084.01
A11: TOTAL Primary PIF | B11: =B5+B12 -> 112 | J11: PIF Discounts | K11: 0.0426 | L11: =L10*K11 -> 30292.179
A12: Total Preschool | B12: =B10+C10 -> 68 | E12: =G8*C8 -> 250527.63 | L12: =L10-L11 -> 680791.83
E13: =G9*C9 -> 30552.15 | L13: =L12-E23 -> 399712.05
A14: Proposed Tuition Rates - 1 mixed toddler room
A15: Toddler Program | B15: Slots | C15: Avg Area Rate | D15: 26-27 Proposed Tuition Rate | E15: 26_27 Monthly Rate | F15: 26_27 Weekly Rate | G15: 26_27 Daily Rate | H15: 26_27 Hourly Rate | I15: Annual $ Program Change | J15: Total Tuition at New Rate | K15: Notes
A16: Part time Slot (3day) | B16: 0 | C16: 16725 | D16: 16500 | E16: =D16/10 -> 1650 | F16: =E16/4 -> 412.5 | G16: =F16/3 -> 137.5 | H16: =G16/7 -> 19.642857 | I16: 0 | J16: =D16*B16 -> 0
A17: Full Day Slot (5day) | B17: 0 | C17: 22526 | D17: 20000 | E17: =D17/10 -> 2000 | F17: =E17/4 -> 500 | G17: =F17/5 -> 100 | H17: =G17/7 -> 14.285714 | I17: 0 | J17: =D17*B17 -> 0
A18: Total Toddler | B18: =B16+B17 -> 0 | J18: =SUM(J16:J17) -> 0
H19: PIF Discounts | I19: 0.0426 | J19: =J17*I19 -> 0
J20: =J18-J19 -> 0
I22: TOTAL RVNUE | J22: =L12+J20 -> 680791.83
E23: =SUM(E12:E13) -> 281079.78
K24: Toddler Room
A25: Colorado Christian Montessori, Arvada | B25: Private | C25: PK 1.0 4D | D25: 7991 | E25: 8630 | F25: =E25/D25 -> 1.079965 | G25: =E25/174 -> 49.597701 | K25: Revenue | L25: =J20 -> 0
A26: Colorado Christian Montessori, Arvada | B26: Private | C26: PK 1.0 5D | D26: 9261 | E26: 10002 | F26: =E26/D26 -> 1.080013 | G26: =E26/174 -> 57.482759 | K26: Salaries | L26: 80000 | M26: 1 FT lead, 1 FT assnt
A27: Colorado Christian Montessori, Arvada | B27: Private | C27: PK 0.5 4D | D27: 4862 | E27: 5251 | F27: =E27/D27 -> 1.0800082 | G27: =E27/174 -> 30.178161 | K27: Benefits (37%) | L27: =L26*0.37 -> 29600
A28: Colorado Christian Montessori, Arvada | B28: Private | C28: PK 0.5 5D | D28: 5788 | E28: 6251 | F28: =E28/D28 -> 1.0799931 | G28: =E28/174 -> 35.925287 | K28: Expns | L28: =L26+L27 -> 109600
A29: Compass Montessori, Golden/Wheat Ridge | B29: Public Charter | C29: PK 1.0 5D | D29: 10150 | E29: 12000 | F29: =E29/D29 -> 1.182266 | G29: =E29/174 -> 68.965517 | K29: Difference | L29: =L25-L28 -> -109600
A30: Free Horizon Montessori, Golden | B30: Public Option | C30: PK3 1.0 3D | D30: 7086.24 | E30: 7086.24 | F30: 0 | G30: =E30/174 -> 40.725517 | K30: 5 Day
A31: Free Horizon Montessori, Golden | B31: Public Option | C31: PK3 1.0 5D | D31: 9984.4 | E31: 9984.4 | F31: 0 | G31: =E31/174 -> 57.381609 | K31: Revenue | L31: =(L6+L8)*0.95 -> 589498.9
A32: Free Horizon Montessori, Golden | B32: Public Option | C32: PK4 1.0 3D | D32: 7086.24 | E32: 7334.2584 | F32: =E32/D32 -> 1.035 | G32: =E32/174 -> 42.15091 | K32: Salaries | L32: 431650 | M32: 6 FT Leads, 12 FT assnts
A33: Free Horizon Montessori, Golden | B33: Public Option | C33: PK4 1.0 5D | D33: 9984.4 | E33: 10483.62 | F33: =E33/D33 -> 1.05 | G33: =E33/174 -> 60.25069 | K33: Benefits (37%) | L33: =L32*0.37 -> 159710.5
A34: Jefferson County Preschools, Jeffco | B34: Public Preschool | C34: PK3 1.0 5D | D34: 9200 | E34: 10000 | F34: =E34/D34 -> 1.0869565 | G34: =E34/174 -> 57.471264 | K34: Expns | L34: =SUM(L32:L33) -> 591360.5
A35: Jefferson County Preschools, Jeffco | B35: Public Preschool | C35: PK3 0.5 4D | D35: 4050 | E35: 5000 | F35: =E35/D35 -> 1.2345679 | G35: =E35/174 -> 28.735632 | K35: Difference | L35: =L31-L34 -> -1861.5977
A36: Jefferson County Preschools, Jeffco | B36: Public Preschool | C36: PK4 1.0 5D | E36: 5000 | G36: =E36/174 -> 28.735632 | I36: w/ UPK | K36: 3 Day
A37: Jefferson County Preschools, Jeffco | B37: Public Preschool | C37: PK4 0.5 4D | E37: 0 | G37: =E37/174 -> 0 | I37: w/ UPK | K37: Revenue | L37: =L7+L9 -> 90558.847
A38: Montessori Academy of Colorado, Denver Metro | B38: Independent/Private | C38: PK 1.0 5D | D38: 22215 | E38: 23800 | F38: =E38/D38 -> 1.0713482 | G38: =E38/174 -> 136.78161 | K38: Salaries | L38: 82000 | M38: 1 FT Lead, 2 PT assnts
A39: Montessori Peaks Academy, Littleton | B39: Public Charter | C39: PK4 1.0 5D | D39: 10513.26 | E39: 10513.26 | F39: 0 | G39: =E39/174 -> 60.421034 | I39: FT UPK Amount FY24 | K39: Benefits (37%) | L39: =L38*0.37 -> 30340
A40: Montessori Peaks Academy, Littleton | B40: Public Charter | C40: PK3 1.0 4D | D40: 7500 | E40: 7650 | F40: =E40/D40 -> 1.02 | G40: =E40/174 -> 43.965517 | K40: Expns | L40: =SUM(L38:L39) -> 112340
A41: Montessori Peaks Academy, Littleton | B41: Public Charter | C41: PK3 1.0 5D | D41: 8400 | E41: 8570 | F41: =E41/D41 -> 1.0202381 | G41: =E41/174 -> 49.252874 | K41: Difference | L41: =L37-L40 -> -21781.153
A42: Montessori Peaks Academy, Littleton | B42: Public Charter | C42: PK3 0.5 4D | D42: 5500 | E42: 5610 | F42: =E42/D42 -> 1.02 | G42: =E42/174 -> 32.241379 | K42: Floats
A43: Montessori Peaks Academy, Littleton | B43: Public Charter | C43: PK3 0.5 5D | D43: 5950 | E43: 6070 | F43: =E43/D43 -> 1.0201681 | G43: =E43/174 -> 34.885057 | K43: Salaries | L43: 42000 | M43: 2 PT Floats
A44: Montessori Peaks Academy, Littleton | B44: Public Charter | C44: PK4 0.5 5D | D44: 5890 | E44: 6010 | F44: =E44/D44 -> 1.0203735 | G44: =E44/174 -> 34.54023 | K44: Benefits (37%) | L44: =L43*0.37 -> 15540
A45: Montessori School of Denver, Denver | B45: Private | C45: PK 1.0 5D | D45: 23550 | E45: 24750 | F45: =E45/D45 -> 1.0509554 | G45: =E45/174 -> 142.24138 | K45: Expns | L45: =SUM(L43:L44) -> 57540
A46: Montessori School of Denver, Denver | B46: Private | C46: PK 0.5 5D | D46: 14200 | E46: 15000 | F46: =E46/D46 -> 1.056338 | G46: =E46/174 -> 86.206897 | K46: TOTAL REVENUE | L46: =L25+L31++L37 -> 680057.75
A47: Montessori School of Evergreen, Evergreen | B47: Private | C47: PK 1.0 5D | D47: 19000 | E47: 19900 | F47: =E47/D47 -> 1.0473684 | G47: =E47/174 -> 114.36782 | K47: TOTAL EXPENSE | L47: =L28+L34+L40+L45 -> 870840.5
A48: Montessori School of Evergreen, Evergreen | B48: Private | C48: PK 0.5 5D | D48: 14000 | E48: 14900 | F48: =E48/D48 -> 1.0642857 | G48: =E48/174 -> 85.632184 | K48: Total Difference | L48: =L46-L47 -> -190782.75
A49: Sunflower Montessori School, Littleton | B49: Private (12mo-6yr) | C49: PK 1.0 5D | D49: 13250 | E49: 13250 | F49: 0 | G49: =E49/174 -> 76.149425
A50: Sunflower Montessori School, Littleton | B50: Private (12mo-6yr) | C50: PK 1.0 4D | D50: 12250 | E50: 12250 | F50: 0 | G50: =E50/174 -> 70.402299
A51: Sunflower Montessori School, Littleton | B51: Private (12mo-6yr) | C51: PK 0.5 5D | D51: 9800 | E51: 9800 | F51: 0 | G51: =E51/174 -> 56.321839
A52: Sunflower Montessori School, Littleton | B52: Private (12mo-6yr) | C52: PK 0.5 4D | D52: 8800 | E52: 8800 | F52: 0 | G52: =E52/174 -> 50.574713

Sheet Tuition Per Toddler Model
A1: PK Revenue
A3: Proposed Tuition Rates - 5 full day rooms, 1 3 day room
A4: Program | B4: Full Tuition | C4: UPK Slots | D4: 25_26 Current Tuition Rate | E4: 26_27 Purposed Tuition Rate | F4: % Change | G4: 26_27 UPK Rate | H4: 26_27 Monthly Tuition | I4: 26_27 Daily Rate | J4: 26_27 Hourly Rate | K4: Annual $ Program Change | L4: Total Tuition at New Rate | M4: Notes
A5: KG | B5: 44
A6: 3 year old PK5FD | B6: 15 | C6: 0 | D6: 10300 | E6: =(D6*F6)+D6 -> 11000.4 | F6: ='Tuition Proposed Rate Increases'!C5 -> 0.068 | H6: =(E6-G6)/10 -> 1100.04 | I6: =H6/20 -> 55.002 | J6: =I6/7 -> 7.8574286 | K6: =D6*F6 -> 700.4 | L6: =E6*B6 -> 165006 | M6: add additional 3 day in 5 day if necessary
A7: 3 year old PK3FD | B7: 7 | C7: 0 | D7: 7200 | E7: =(D7*F7)+D7 -> 7500.96 | F7: ='Tuition Proposed Rate Increases'!C7 -> 0.0418 | H7: =(E7-G7)/10 -> 750.096 | I7: =H7/12 -> 62.508 | J7: =I7/7 -> 8.9297143 | K7: =D7*F7 -> 300.96 | L7: =E7*B7 -> 52506.72
A8: 4 year old PK5FD | B8: 0 | C8: 41 | D8: 10860.433 | E8: =(D8*F8)+D8 -> 11110.223 | F8: ='Tuition Proposed Rate Increases'!C6 -> 0.023 | G8: 6110.43 | H8: =(E8-G8)/10 -> 499.97934 | I8: =(E8/10)/20 -> 55.551117 | J8: =I8/7 -> 7.9358739 | K8: =D8*F8 -> 249.78997 | L8: =E8*C8 -> 455519.16 | M8: add additional 3 day in 5 day if necessary
A9: 4 year old PK3FD | B9: 0 | C9: 5 | D9: 7610.4253 | E9: =(D9*F9)+D9 -> 7610.4253 | F9: ='Tuition Proposed Rate Increases'!C8 -> 0 | G9: 6110.43 | H9: =(E9-G9)/10 -> 149.99953 | I9: =(E9/10)/12 -> 63.420211 | J9: =I9/7 -> 9.0600301 | K9: =D9*F9 -> 0 | L9: =E9*C9 -> 38052.127
B10: =SUM(B6:B9) -> 22 | C10: =SUM(C8:C9) -> 46 | L10: =SUM(L5:L9) -> 711084.01
A11: TOTAL Primary PIF | B11: =B5+B12 -> 112 | J11: PIF Discounts | K11: 0.0426 | L11: =L10*K11 -> 30292.179
A12: Total Preschool | B12: =B10+C10 -> 68 | E12: =G8*C8 -> 250527.63 | F12: =E12+E13 -> 281079.78 | L12: =L10-L11 -> 680791.83
E13: =G9*C9 -> 30552.15 | L13: =L12-F12 -> 399712.05 | M13: less UPK
A14: Proposed Tuition Rates - 1 mixed toddler room
A15: Toddler Program | B15: Slots | C15: Avg Area Rate | D15: 26-27 Proposed Tuition Rate | E15: 26_27 Monthly Rate | F15: 26_27 Weekly Rate | G15: 26_27 Daily Rate | H15: 26_27 Hourly Rate | I15: Annual $ Program Change | J15: Total Tuition at New Rate | K15: Notes
A16: Part time Slot (3day) | B16: 2 | C16: 16725 | D16: 16500 | E16: =D16/10 -> 1650 | F16: =E16/4 -> 412.5 | G16: =F16/3 -> 137.5 | H16: =G16/7 -> 19.642857 | I16: 0 | J16: =D16*B16 -> 33000
A17: Full Day Slot (5day) | B17: 5 | C17: 22526 | D17: 20000 | E17: =D17/10 -> 2000 | F17: =E17/4 -> 500 | G17: =F17/5 -> 100 | H17: =G17/7 -> 14.285714 | I17: 0 | J17: =D17*B17 -> 100000
A18: Total Toddler | B18: =B16+B17 -> 7 | J18: =SUM(J16:J17) -> 133000
H19: PIF Discounts | I19: 0.0426 | J19: =J17*I19 -> 4260
J20: =J18-J19 -> 128740
I22: TOTAL RVNUE | J22: =L12+J20 -> 809531.83
I23: less UPK | J23: =J22-F12 -> 528452.05
K24: Toddler Room
A25: Colorado Christian Montessori, Arvada | B25: Private | C25: PK 1.0 4D | D25: 7991 | E25: 8630 | F25: =E25/D25 -> 1.079965 | G25: =E25/174 -> 49.597701 | K25: Revenue | L25: =J20 -> 128740
A26: Colorado Christian Montessori, Arvada | B26: Private | C26: PK 1.0 5D | D26: 9261 | E26: 10002 | F26: =E26/D26 -> 1.080013 | G26: =E26/174 -> 57.482759 | K26: Salaries | L26: 80000 | M26: 1 FT lead, 1 FT assnt
A27: Colorado Christian Montessori, Arvada | B27: Private | C27: PK 0.5 4D | D27: 4862 | E27: 5251 | F27: =E27/D27 -> 1.0800082 | G27: =E27/174 -> 30.178161 | K27: Benefits (37%) | L27: =L26*0.37 -> 29600
A28: Colorado Christian Montessori, Arvada | B28: Private | C28: PK 0.5 5D | D28: 5788 | E28: 6251 | F28: =E28/D28 -> 1.0799931 | G28: =E28/174 -> 35.925287 | K28: Expns | L28: =L26+L27 -> 109600
A29: Compass Montessori, Golden/Wheat Ridge | B29: Public Charter | C29: PK 1.0 5D | D29: 10150 | E29: 12000 | F29: =E29/D29 -> 1.182266 | G29: =E29/174 -> 68.965517 | K29: Difference | L29: =L25-L28 -> 19140
A30: Free Horizon Montessori, Golden | B30: Public Option | C30: PK3 1.0 3D | D30: 7086.24 | E30: 7086.24 | F30: 0 | G30: =E30/174 -> 40.725517 | K30: 5 Day
A31: Free Horizon Montessori, Golden | B31: Public Option | C31: PK3 1.0 5D | D31: 9984.4 | E31: 9984.4 | F31: 0 | G31: =E31/174 -> 57.381609 | K31: Revenue | L31: =(L6+L8)*0.95 -> 589498.9
A32: Free Horizon Montessori, Golden | B32: Public Option | C32: PK4 1.0 3D | D32: 7086.24 | E32: 7334.2584 | F32: =E32/D32 -> 1.035 | G32: =E32/174 -> 42.15091 | K32: Salaries | L32: 431650 | M32: 6 FT Leads, 12 FT assnts
A33: Free Horizon Montessori, Golden | B33: Public Option | C33: PK4 1.0 5D | D33: 9984.4 | E33: 10483.62 | F33: =E33/D33 -> 1.05 | G33: =E33/174 -> 60.25069 | K33: Benefits (37%) | L33: =L32*0.37 -> 159710.5
A34: Jefferson County Preschools, Jeffco | B34: Public Preschool | C34: PK3 1.0 5D | D34: 9200 | E34: 10000 | F34: =E34/D34 -> 1.0869565 | G34: =E34/174 -> 57.471264 | K34: Expns | L34: =SUM(L32:L33) -> 591360.5
A35: Jefferson County Preschools, Jeffco | B35: Public Preschool | C35: PK3 0.5 4D | D35: 4050 | E35: 5000 | F35: =E35/D35 -> 1.2345679 | G35: =E35/174 -> 28.735632 | K35: Difference | L35: =L31-L34 -> -1861.5977
A36: Jefferson County Preschools, Jeffco | B36: Public Preschool | C36: PK4 1.0 5D | E36: 5000 | G36: =E36/174 -> 28.735632 | I36: w/ UPK | K36: 3 Day
A37: Jefferson County Preschools, Jeffco | B37: Public Preschool | C37: PK4 0.5 4D | E37: 0 | G37: =E37/174 -> 0 | I37: w/ UPK | K37: Revenue | L37: =L7+L9 -> 90558.847
A38: Montessori Academy of Colorado, Denver Metro | B38: Independent/Private | C38: PK 1.0 5D | D38: 22215 | E38: 23800 | F38: =E38/D38 -> 1.0713482 | G38: =E38/174 -> 136.78161 | K38: Salaries | L38: 82000 | M38: 1 FT Lead, 2 PT assnts
A39: Montessori Peaks Academy, Littleton | B39: Public Charter | C39: PK4 1.0 5D | D39: 10513.26 | E39: 10513.26 | F39: 0 | G39: =E39/174 -> 60.421034 | I39: FT UPK Amount FY24 | K39: Benefits (37%) | L39: =L38*0.37 -> 30340
A40: Montessori Peaks Academy, Littleton | B40: Public Charter | C40: PK3 1.0 4D | D40: 7500 | E40: 7650 | F40: =E40/D40 -> 1.02 | G40: =E40/174 -> 43.965517 | K40: Expns | L40: =SUM(L38:L39) -> 112340
A41: Montessori Peaks Academy, Littleton | B41: Public Charter | C41: PK3 1.0 5D | D41: 8400 | E41: 8570 | F41: =E41/D41 -> 1.0202381 | G41: =E41/174 -> 49.252874 | K41: Difference | L41: =L37-L40 -> -21781.153
A42: Montessori Peaks Academy, Littleton | B42: Public Charter | C42: PK3 0.5 4D | D42: 5500 | E42: 5610 | F42: =E42/D42 -> 1.02 | G42: =E42/174 -> 32.241379 | K42: Floats
A43: Montessori Peaks Academy, Littleton | B43: Public Charter | C43: PK3 0.5 5D | D43: 5950 | E43: 6070 | F43: =E43/D43 -> 1.0201681 | G43: =E43/174 -> 34.885057 | K43: Salaries | L43: 42000 | M43: 2 PT Floats
A44: Montessori Peaks Academy, Littleton | B44: Public Charter | C44: PK4 0.5 5D | D44: 5890 | E44: 6010 | F44: =E44/D44 -> 1.0203735 | G44: =E44/174 -> 34.54023 | K44: Benefits (37%) | L44: =L43*0.37 -> 15540
A45: Montessori School of Denver, Denver | B45: Private | C45: PK 1.0 5D | D45: 23550 | E45: 24750 | F45: =E45/D45 -> 1.0509554 | G45: =E45/174 -> 142.24138 | K45: Expns | L45: =SUM(L43:L44) -> 57540
A46: Montessori School of Denver, Denver | B46: Private | C46: PK 0.5 5D | D46: 14200 | E46: 15000 | F46: =E46/D46 -> 1.056338 | G46: =E46/174 -> 86.206897 | K46: TOTAL REVENUE | L46: =L25+L31++L37 -> 808797.75
A47: Montessori School of Evergreen, Evergreen | B47: Private | C47: PK 1.0 5D | D47: 19000 | E47: 19900 | F47: =E47/D47 -> 1.0473684 | G47: =E47/174 -> 114.36782 | K47: TOTAL EXPENSE | L47: =L28+L34+L40+L45 -> 870840.5
A48: Montessori School of Evergreen, Evergreen | B48: Private | C48: PK 0.5 5D | D48: 14000 | E48: 14900 | F48: =E48/D48 -> 1.0642857 | G48: =E48/174 -> 85.632184 | K48: Total Difference | L48: =L46-L47 -> -62042.751
A49: Sunflower Montessori School, Littleton | B49: Private (12mo-6yr) | C49: PK 1.0 5D | D49: 13250 | E49: 13250 | F49: 0 | G49: =E49/174 -> 76.149425
A50: Sunflower Montessori School, Littleton | B50: Private (12mo-6yr) | C50: PK 1.0 4D | D50: 12250 | E50: 12250 | F50: 0 | G50: =E50/174 -> 70.402299
A51: Sunflower Montessori School, Littleton | B51: Private (12mo-6yr) | C51: PK 0.5 5D | D51: 9800 | E51: 9800 | F51: 0 | G51: =E51/174 -> 56.321839
A52: Sunflower Montessori School, Littleton | B52: Private (12mo-6yr) | C52: PK 0.5 4D | D52: 8800 | E52: 8800 | F52: 0 | G52: =E52/174 -> 50.574713

Sheet Tuition Per 7 RM Model
A1: PK Revenue
A3: Proposed Tuition Rates - 6 full day rooms, 1 3 day room | N3: SECOND READ - UPDATE removing 5HD program
A4: Program | B4: Full Tuition | C4: UPK Slots | D4: 25_26 Current Tuition Rate | E4: 26_27 Purposed Tuition Rate | F4: % Change | G4: 26_27 UPK Rate | H4: 26_27 Monthly Tuition | I4: Annual $ Program Change | J4: Total Tuition at New Rate | K4: Notes | N4: UPK Program | O4: # of full paying students | P4: #of UPK Slots | Q4: Program Name | R4: 22_23 Current Rate Tuition | S4: % Change | T4: Change in $ per student annually per program | U4: 23_24 Purposed Rate Tuition | V4: # of students * new rate | W4: Notes
A5: KG | B5: 52 | O5: 60 | Q5: KG | R5: 0 | S5: 0 | T5: =R5*S5 -> 0 | U5: =T5+R5 -> 0 | V5: 0 | W5: Increase from 48 to 60 students
A6: 3 year old PK5FD | B6: 24 | C6: 0 | D6: 10300 | E6: =D6+(F6*D6) -> 11000.4 | F6: ='Tuition Proposed Rate Increases'!C5 -> 0.068 | H6: =(E6-G6)/10 -> 1100.04 | I6: =D6*F6 -> 700.4 | J6: =E6*B6 -> 264009.6 | K6: add additional 3 day in 5 day if necessary | N6: Full Day Slot | O6: 16 | Q6: 3yr old PK 5FD | R6: 9160 | S6: 0.09 | T6: =R6*S6 -> 824.4 | U6: =T6+R6 -> 9984.4 | V6: =U6*O6 -> 159750.4 | W6: decreased from 19 to 16 students
A7: Full Day Slot | C7: 0 | D7: 9984.4 | E7: =I7+D7 -> 10882.996 | F7: 0.09 | I7: =D7*F7 -> 898.596 | J7: =E7*C7 -> 0 | N7: Full Day Slot | P7: 1 | Q7: 3yr old PK 5FD | R7: 9160 | S7: 0.09 | T7: =R7*S7 -> 824.4 | U7: =T7+R7 -> 9984.4 | V7: =U7*P7 -> 9984.4
A8: 3 year old PK3FD | B8: 10 | C8: 0 | D8: 7200 | E8: =D8+(F8*D8) -> 7500.96 | F8: ='Tuition Proposed Rate Increases'!C7 -> 0.0418 | H8: =(E8-G8)/10 -> 750.096 | I8: =D8*F8 -> 300.96 | J8: =E8*B8 -> 75009.6 | N8: 3 Full Day Slot | O8: 7 | Q8: 3 year old PK3FD | R8: 6327 | S8: 0.12 | T8: =R8*S8 -> 759.24 | U8: =T9+R8 -> 7086.24 | V8: =U8*O8 -> 49603.68
A9: Part time Slot | C9: 0 | D9: 6327 | E9: =D9+(F9*D9) -> 7086.24 | F9: 0.12 | I9: =D8*F8 -> 300.96 | J9: =E9*C9 -> 0 | N9: 3 Full Day Slot | P9: 1 | Q9: 3 year old PK3FD | R9: 6327 | S9: 0.12 | T9: =R8*S8 -> 759.24 | U9: =R9+T9 -> 7086.24 | V9: =U9*P9 -> 7086.24
A10: 4 year old PK5FD | B10: 0 | C10: 44 | D10: 10774.15 | E10: =D10+(F10*D10) -> 11021.955 | F10: ='Tuition Proposed Rate Increases'!C6 -> 0.023 | G10: 6110.43 | H10: =(E10-G10)/10 -> 491.15254 | I10: =D10*F10 -> 247.80545 | J10: =E10*C10 -> 484966.04 | K10: add additional 3 day in 5 day if necessary | N10: Full Day Slot | O10: 0 | P10: 43 | Q10: 4 year old PK5FD | R10: 9160 | S10: 0.09 | T10: =R10*S10 -> 824.4 | U10: =T10+R10 -> 9984.4 | V10: =U10*P10 -> 429329.2 | W10: Increased from 32 to 40 students
A11: 4 year old PK3FD | B11: 0 | C11: 14 | D11: 7383.65 | E11: =D11+(F11*D11) -> 7383.65 | F11: ='Tuition Proposed Rate Increases'!C8 -> 0 | G11: 6110.43 | H11: =(E11-G11)/10 -> 127.322 | I11: =D11*F11+49.39 -> 49.39 | J11: =E11*C11 -> 103371.1 | N11: Part time Slot | O11: 0 | P11: 12 | Q11: 4 year old PK3FD | R11: 6327 | S11: 0.12 | T11: =R11*S11 -> 759.24 | U11: =T11+R11 -> 7086.24 | V11: =U11*P11 -> 85034.88
B12: =SUM(B5:B11) -> 86 | C12: =SUM(C10:C11) -> 58 | J12: =SUM(J5:J11) -> 927356.34 | O12: =SUM(O5:O11) -> 83 | P12: =SUM(P5:P11) -> 57 | V12: =SUM(V5:V11) -> 740788.8
A13: TOTAL Primary PIF | B13: =B12+C12 -> 144 | H13: PIF Discounts | I13: 0.0426 | J13: =J12*I13 -> 39505.38 | O13: TOTAL | P13: =O12+P12 -> 140 | U13: PIF Discounts | V13: 0.0426 | W13: =V12*V13 -> 31557.603 | X13: Still Same overall student count of 140
A14: Total Preschool | B14: =B6+B8+C10+C11 -> 92 | J14: =J12-J13 -> 887850.96
A17: Proposed Tuition Rate - 3 full day room, 3 mix 3/5 day rooms
A18: Program | B18: # of full paying students | C18: #of UPK Slots | D18: Program Name | E18: 24_24 Current Rate Tuition | F18: % Change | G18: Change in $ per student annually per program | I18: 25_26 Purposed Rate Tuition | J18: # of students * new rate | K18: Notes
B19: 50 | D19: KG | E19: 0 | F19: 0 | G19: =E19*F19 -> 0 | I19: =G19+E19 -> 0 | J19: 0
A20: Full Day Slot | B20: 30 | C20: 0 | D20: 3yr old PK 5FD | E20: 9984.4 | F20: 0.0016 | G20: =E20*F20 -> 15.97504 | I20: 10000 | J20: =I20*B20 -> 300000
A21: Full Day Slot | B21: 9 | C21: 0 | D21: 3yr old PK 3FD | E21: 7086.24 | F21: 0.0302 | G21: =E21*F21 -> 214.00445 | I21: 7300 | J21: =I21*B21 -> 65700
A22: Full Day Slot | C22: 45 | D22: 4yr old PK 5FD | E22: 10483.62 | F22: 0.0312 | G22: =E22*F22 -> 327.08894 | I22: =G22+E22 -> 10810.709 | J22: =I22*C22 -> 486481.9
A23: Full Day Slot | C23: 9 | D23: 4yr old PK 3FD | E23: 7334.26 | F23: 0.0446 | G23: =E23*F23 -> 327.108 | I23: =G23+E23 -> 7661.368 | J23: =I23*C23 -> 68952.312 | W23: =V12-W13 -> 709231.2
B24: =SUM(B20:B23) -> 39 | C24: =SUM(C19:C23) -> 54 | J24: =SUM(J19:J23) -> 921134.21
A25: TOTAL | B25: =B24+C24+B19 -> 143 | G25: PIF Discounts | I25: 0.0426 | J25: =J24*I25 -> 39240.318
A26: Total Preschool | B26: =B20+C22+C23+B21 -> 93 | J26: =J24-J25 -> 881893.9
J27: =G11*C12 -> 354404.94
A28: Colorado Christian Montessori, Arvada | B28: Private | C28: PK 1.0 4D | D28: 7991 | E28: 8630 | F28: =E28/D28 -> 1.079965 | G28: =E28/174 -> 49.597701
A29: Colorado Christian Montessori, Arvada | B29: Private | C29: PK 1.0 5D | D29: 9261 | E29: 10002 | F29: =E29/D29 -> 1.080013 | G29: =E29/174 -> 57.482759
A30: Colorado Christian Montessori, Arvada | B30: Private | C30: PK 0.5 4D | D30: 4862 | E30: 5251 | F30: =E30/D30 -> 1.0800082 | G30: =E30/174 -> 30.178161
A31: Colorado Christian Montessori, Arvada | B31: Private | C31: PK 0.5 5D | D31: 5788 | E31: 6251 | F31: =E31/D31 -> 1.0799931 | G31: =E31/174 -> 35.925287
A32: Compass Montessori, Golden/Wheat Ridge | B32: Public Charter | C32: PK 1.0 5D | D32: 10150 | E32: 12000 | F32: =E32/D32 -> 1.182266 | G32: =E32/174 -> 68.965517
A33: Free Horizon Montessori, Golden | B33: Public Option | C33: PK3 1.0 3D | D33: 7086.24 | E33: 7086.24 | F33: 0 | G33: =E33/174 -> 40.725517
A34: Free Horizon Montessori, Golden | B34: Public Option | C34: PK3 1.0 5D | D34: 9984.4 | E34: 9984.4 | F34: 0 | G34: =E34/174 -> 57.381609
A35: Free Horizon Montessori, Golden | B35: Public Option | C35: PK4 1.0 3D | D35: 7086.24 | E35: 7334.2584 | F35: =E35/D35 -> 1.035 | G35: =E35/174 -> 42.15091
A36: Free Horizon Montessori, Golden | B36: Public Option | C36: PK4 1.0 5D | D36: 9984.4 | E36: 10483.62 | F36: =E36/D36 -> 1.05 | G36: =E36/174 -> 60.25069
A37: Jefferson County Preschools, Jeffco | B37: Public Preschool | C37: PK3 1.0 5D | D37: 9200 | E37: 10000 | F37: =E37/D37 -> 1.0869565 | G37: =E37/174 -> 57.471264
A38: Jefferson County Preschools, Jeffco | B38: Public Preschool | C38: PK3 0.5 4D | D38: 4050 | E38: 5000 | F38: =E38/D38 -> 1.2345679 | G38: =E38/174 -> 28.735632
A39: Jefferson County Preschools, Jeffco | B39: Public Preschool | C39: PK4 1.0 5D | E39: 5000 | G39: =E39/174 -> 28.735632 | I39: w/ UPK
A40: Jefferson County Preschools, Jeffco | B40: Public Preschool | C40: PK4 0.5 4D | E40: 0 | G40: =E40/174 -> 0 | I40: w/ UPK
A41: Montessori Academy of Colorado, Denver Metro | B41: Independent/Private | C41: PK 1.0 5D | D41: 22215 | E41: 23800 | F41: =E41/D41 -> 1.0713482 | G41: =E41/174 -> 136.78161
A42: Montessori Peaks Academy, Littleton | B42: Public Charter | C42: PK4 1.0 5D | D42: 10513.26 | E42: 10513.26 | F42: 0 | G42: =E42/174 -> 60.421034 | I42: FT UPK Amount FY24
A43: Montessori Peaks Academy, Littleton | B43: Public Charter | C43: PK3 1.0 4D | D43: 7500 | E43: 7650 | F43: =E43/D43 -> 1.02 | G43: =E43/174 -> 43.965517
A44: Montessori Peaks Academy, Littleton | B44: Public Charter | C44: PK3 1.0 5D | D44: 8400 | E44: 8570 | F44: =E44/D44 -> 1.0202381 | G44: =E44/174 -> 49.252874
A45: Montessori Peaks Academy, Littleton | B45: Public Charter | C45: PK3 0.5 4D | D45: 5500 | E45: 5610 | F45: =E45/D45 -> 1.02 | G45: =E45/174 -> 32.241379
A46: Montessori Peaks Academy, Littleton | B46: Public Charter | C46: PK3 0.5 5D | D46: 5950 | E46: 6070 | F46: =E46/D46 -> 1.0201681 | G46: =E46/174 -> 34.885057
A47: Montessori Peaks Academy, Littleton | B47: Public Charter | C47: PK4 0.5 5D | D47: 5890 | E47: 6010 | F47: =E47/D47 -> 1.0203735 | G47: =E47/174 -> 34.54023
A48: Montessori School of Denver, Denver | B48: Private | C48: PK 1.0 5D | D48: 23550 | E48: 24750 | F48: =E48/D48 -> 1.0509554 | G48: =E48/174 -> 142.24138
A49: Montessori School of Denver, Denver | B49: Private | C49: PK 0.5 5D | D49: 14200 | E49: 15000 | F49: =E49/D49 -> 1.056338 | G49: =E49/174 -> 86.206897
A50: Montessori School of Evergreen, Evergreen | B50: Private | C50: PK 1.0 5D | D50: 19000 | E50: 19900 | F50: =E50/D50 -> 1.0473684 | G50: =E50/174 -> 114.36782
A51: Montessori School of Evergreen, Evergreen | B51: Private | C51: PK 0.5 5D | D51: 14000 | E51: 14900 | F51: =E51/D51 -> 1.0642857 | G51: =E51/174 -> 85.632184
A52: Sunflower Montessori School, Littleton | B52: Private (12mo-6yr) | C52: PK 1.0 5D | D52: 13250 | E52: 13250 | F52: 0 | G52: =E52/174 -> 76.149425
A53: Sunflower Montessori School, Littleton | B53: Private (12mo-6yr) | C53: PK 1.0 4D | D53: 12250 | E53: 12250 | F53: 0 | G53: =E53/174 -> 70.402299
A54: Sunflower Montessori School, Littleton | B54: Private (12mo-6yr) | C54: PK 0.5 5D | D54: 9800 | E54: 9800 | F54: 0 | G54: =E54/174 -> 56.321839
A55: Sunflower Montessori School, Littleton | B55: Private (12mo-6yr) | C55: PK 0.5 4D | D55: 8800 | E55: 8800 | F55: 0 | G55: =E55/174 -> 50.574713
J56: =G11*C10 -> 268858.92

Sheet Enrollment
A1: Historical Enrollment Based off of End of Year Final Numbers
A2: As of 2.6.24
A3: Grade | B3: 19_20 | C3: 20_21 | D3: 21_22 | E3: 22- 23 | F3: 23_24 | G3: 24_25 | H3: Current Enrollment 25_26 | I3: Current Enrollment 26_27 | J3: FY26 Outstanding Offers | K3: Max Enrollment
A4: PS3 5HD | B4: 6 | C4: 3 | D4: 5
A5: PS3 3FD | B5: 13 | C5: 9 | D5: 18 | E5: 13 | F5: 6 | G5: 8 | H5: 7 | I5: 7 | K5: 12
A6: PS3 5FD | B6: 21 | C6: 13 | D6: 23 | E6: 26 | F6: 18 | G6: 20 | H6: 26 | I6: 15 | K6: 24
A7: PS4 5HD | B7: 4 | C7: 1 | D7: 4
A8: PS4 3FD | B8: 13 | C8: 11 | D8: 14 | E8: 17 | F8: 10 | G8: 10 | H8: 18 | I8: 5 | K8: 12
A9: PS4 5FD | B9: 26 | C9: 20 | D9: 29 | E9: 29 | F9: 40 | G9: 39 | H9: 42 | I9: 41 | K9: 48
B10: =SUM(B4:B9) -> 83 | C10: =SUM(C4:C9) -> 57 | D10: =SUM(D4:D9) -> 93 | E10: =SUM(E5:E9) -> 85 | F10: =SUM(F5:F9) -> 74 | G10: =SUM(G5:G9) -> 77 | H10: =SUM(H5:H9) -> 93 | I10: =SUM(I5:I9) -> 68 | K10: =K5+K6+K8+K9 -> 96
A12: KG HD | B12: 8 | C12: 4 | D12: 5
A13: KG FD | B13: 48 | C13: 56 | D13: 58 | E13: 53 | F13: 49 | G13: 50 | H13: 50 | I13: 44 | K13: 60
A14: 1st | B14: 54 | C14: 50 | D14: 48 | E14: 51 | F14: 46 | G14: 43 | H14: 43 | I14: 38 | K14: 46
A15: 2nd | B15: 51 | C15: 42 | D15: 46 | E15: 45 | F15: 45 | G15: 44 | H15: 41 | I15: 35 | K15: 46
A16: 3rd | B16: 46 | C16: 45 | D16: 35 | E16: 39 | F16: 44 | G16: 42 | H16: 36 | I16: 34 | K16: 46
A17: 4th | B17: 58 | C17: 43 | D17: 47 | E17: 32 | F17: 37 | G17: 42 | H17: 37 | I17: 36 | K17: 37
A18: 5th | B18: 33 | C18: 46 | D18: 34 | E18: 41 | F18: 27 | G18: 38 | H18: 39 | I18: 35 | K18: 36
H19: 6th | I19: 19 | K19: 36
A20: 6th | B20: 37 | C20: 20 | D20: 33 | E20: 16 | F20: 23 | G20: 20 | H20: 10
A21: 7th | B21: 16 | C21: 26 | D21: 18 | E21: 27 | F21: 16 | G21: 19 | H21: 16 | I21: 11 | K21: 21
A22: 8th | B22: 14 | C22: 14 | D22: 18 | E22: 12 | F22: 21 | G22: 17 | H22: 17 | I22: 11 | K22: 21
A23: TOTAL | B23: =SUM(B10:B22) -> 448 | C23: =SUM(C10:C22) -> 403 | D23: =SUM(D10:D22) -> 435 | E23: =SUM(E10:E22) -> 401 | F23: =SUM(F10:F22) -> 382 | G23: =SUM(G10:G22) -> 392 | H23: =SUM(H10:H22) -> 382 | I23: =SUM(I10:I22) -> 331 | K23: =SUM(K5:K22)-80 -> 461
A25: TOTAL (Not including PK) | B25: =SUM(B12:B22) -> 365 | C25: =SUM(C12:C22) -> 346 | D25: =SUM(D12:D22) -> 342 | E25: =SUM(E12:E22) -> 316 | F25: =SUM(F12:F22) -> 308 | G25: =SUM(G13:G22) -> 315 | H25: =H13+H14+H15+H16+H17+H18+H20+H21+H22 -> 289 | I25: =I13+I14+I15+I16+I17+I18+I19+I21+I22 -> 263 | K25: =SUM(K12:K22) -> 349 | L25: Budget 290 KG-8. Current year 263

Sheet Enrollment Toddler
A1: Historical Enrollment Based off of End of Year Final Numbers
A2: As of 2.6.24
A3: Grade | B3: 19_20 | C3: 20_21 | D3: 21_22 | E3: 22- 23 | F3: 23_24 | G3: 24_25 | H3: Current Enrollment 25_26 | I3: Current Enrollment 26_27 | J3: FY26 Outstanding Offers | K3: Max Enrollment
A4: Toddler | I4: 7 | K4: 10
A5: PS3 5HD | B5: 6 | C5: 3 | D5: 5
A6: PS3 3FD | B6: 13 | C6: 9 | D6: 18 | E6: 13 | F6: 6 | G6: 8 | H6: 7 | I6: 7 | K6: 12
A7: PS3 5FD | B7: 21 | C7: 13 | D7: 23 | E7: 26 | F7: 18 | G7: 20 | H7: 26 | I7: 15 | K7: 24
A8: PS4 5HD | B8: 4 | C8: 1 | D8: 4
A9: PS4 3FD | B9: 13 | C9: 11 | D9: 14 | E9: 17 | F9: 10 | G9: 10 | H9: 18 | I9: 5 | K9: 12
A10: PS4 5FD | B10: 26 | C10: 20 | D10: 29 | E10: 29 | F10: 40 | G10: 39 | H10: 42 | I10: 41 | K10: 48
B11: =SUM(B5:B10) -> 83 | C11: =SUM(C5:C10) -> 57 | D11: =SUM(D5:D10) -> 93 | E11: =SUM(E6:E10) -> 85 | F11: =SUM(F6:F10) -> 74 | G11: =SUM(G6:G10) -> 77 | H11: =SUM(H6:H10) -> 93 | I11: =SUM(I4:I10) -> 75 | K11: =K6+K7+K9+K10 -> 96
A13: KG HD | B13: 8 | C13: 4 | D13: 5
A14: KG FD | B14: 48 | C14: 56 | D14: 58 | E14: 53 | F14: 49 | G14: 50 | H14: 50 | I14: 44 | K14: 60
A15: 1st | B15: 54 | C15: 50 | D15: 48 | E15: 51 | F15: 46 | G15: 43 | H15: 43 | I15: 38 | K15: 46
A16: 2nd | B16: 51 | C16: 42 | D16: 46 | E16: 45 | F16: 45 | G16: 44 | H16: 41 | I16: 35 | K16: 46
A17: 3rd | B17: 46 | C17: 45 | D17: 35 | E17: 39 | F17: 44 | G17: 42 | H17: 36 | I17: 34 | K17: 46
A18: 4th | B18: 58 | C18: 43 | D18: 47 | E18: 32 | F18: 37 | G18: 42 | H18: 37 | I18: 36 | K18: 37
A19: 5th | B19: 33 | C19: 46 | D19: 34 | E19: 41 | F19: 27 | G19: 38 | H19: 39 | I19: 35 | K19: 36
H20: 6th | I20: 19 | K20: 36
A21: 6th | B21: 37 | C21: 20 | D21: 33 | E21: 16 | F21: 23 | G21: 20 | H21: 10
A22: 7th | B22: 16 | C22: 26 | D22: 18 | E22: 27 | F22: 16 | G22: 19 | H22: 16 | I22: 11 | K22: 21
A23: 8th | B23: 14 | C23: 14 | D23: 18 | E23: 12 | F23: 21 | G23: 17 | H23: 17 | I23: 11 | K23: 21
A24: TOTAL | B24: =SUM(B11:B23) -> 448 | C24: =SUM(C11:C23) -> 403 | D24: =SUM(D11:D23) -> 435 | E24: =SUM(E11:E23) -> 401 | F24: =SUM(F11:F23) -> 382 | G24: =SUM(G11:G23) -> 392 | H24: =SUM(H11:H23) -> 382 | I24: =SUM(I11:I23) -> 338 | K24: =SUM(K6:K23)-80 -> 461
A26: TOTAL (Not including PK) | B26: =SUM(B13:B23) -> 365 | C26: =SUM(C13:C23) -> 346 | D26: =SUM(D13:D23) -> 342 | E26: =SUM(E13:E23) -> 316 | F26: =SUM(F13:F23) -> 308 | G26: =SUM(G14:G23) -> 315 | H26: =H14+H15+H16+H17+H18+H19+H21+H22+H23 -> 289 | I26: =I14+I15+I16+I17+I18+I19+I20+I22+I23 -> 263 | K26: =SUM(K13:K23) -> 349 | L26: Budget 293 KG-8. Current year 290

Sheet CA020
A1: FREE HORIZON Montessori - FY24 Budget Proposal
A2: SR020 - 54700
A3: 2.7.24 mh
A4: Program
A5: Number | B5: Description | C5: Anticipated Revenue | D5: Anticipated Expenditures
A7: 0016 | B7: All Sch Activities 1 | C7: 4600 | D7: 4600
A8: 0019 | B8: Staff Vending Machine | C8: 400 | D8: 400
A9: 0025 | B9: Garden Grant
A10: 0032 | B10: All School Consumables | C10: 8000 | D10: 8000
A11: 0034 | B11: Late Pick Up Fees
A12: 0035 | B12: Principal Discretionary | G12: =C20+C22+C26+C23 -> 26450
A13: 0036 | B13: Talent Show
A14: 0043 | B14: CSN Donation
A15: 0044 | B15: Background Checks
A16: 0062 | B16: All School Technology | C16: 3000 | D16: 3000 | G16: =C8+C27 -> 1400
A17: 0102 | B17: Primary Classrooms and Department | C17: 3500 | D17: 3500
A18: ,0103 | B18: Primary Classrooms and Department | C18: 1500 | D18: 1500
A19: 0132 | B19: Lower Elementary Classroom and Department | C19: 3200 | D19: 3200
A20: 133 | B20: Lower Elementary Field Trips | C20: 3000 | D20: 3000 | G20: =C7+C16 -> 7600
A21: 0152 | B21: Upper Elementary Classroom and Department | C21: 2500 | D21: 2500
A22: 0153 | B22: Upper Elementary Field Trips | C22: 7000 | D22: 7000
A23: 0163 | B23: MS Outdoor Lab | C23: 8450 | D23: 8450
A24: 181 | B24: MS Store | C24: 500 | D24: 500 | G24: =C24+C41 -> 1500
A25: 0182 | B25: MS Classroom and Department | C25: 1500 | D25: 1500
A26: 0183 | B26: MS Field Trips | C26: 8000 | D26: 8000
A27: 0402 | B27: LifeTouch Commissions | C27: 1000 | D27: 1000
A28: 1002 | B28: Art Specials and Electives | C28: 3500 | D28: 3500 | G28: =C17+C21+C25+C19 -> 10700
A29: 1033 | B29: Literacy Support
A30: 1039 | B30: Wonders Workbooks - Literacy | C30: 0 | D30: 0
A31: 1042 | B31: Library | C31: 1800 | D31: 1800
A32: 1052 | B32: Math Elementary
A33: 1053 | B33: Math Middle School
A34: 1062 | B34: Music Specials | C34: 2000 | D34: 2000 | G34: =C17+C19+C21+C25+C28+C31+C34+C35+C36+C37+C38+C10 -> 33000
A35: 1072 | B35: Music Instrumental Middle School | C35: 1000 | D35: 1000
A36: 1092 | B36: Physical Education - All Grades | C36: 3000 | D36: 3000
A37: 1102 | B37: Science - All Grades | C37: 2000 | D37: 2000
A38: 1291 | B38: Consumer Family Studies | C38: 1000 | D38: 1000
A39: 1512 | B39: Tech Ed Electives | C39: 0 | D39: 0
A40: 9102 | B40: Student Council | C40: 700 | D40: 700
A41: 9153 | B41: Band Club | C41: 1000 | D41: 1000
A42: 9213 | B42: FHM Staff Education Loan/Grant Program
A43: 9232 | B43: Drama Club (Musical) | C43: 1000 | D43: 1000
A44: 9252 | B44: Other Clubs
A45: 9994 | B45: Building Use Fees
B46: Totals* | C46: =SUM(C7:C45) -> 73150 | D46: =SUM(D7:D45) -> 73150
B48: *Excludes 9213 and 0043

Sheet FY27 Student Fee Sched 3.18.26
C3: Free Horizon Montessori Fee Schedule
C4: 2026-2027 School Year
B6: Mandatory Fees
B7: Fee Name | C7: Fee Detail | D7: Preschool (PK) | E7: KG | F7: 1 | G7: 2 | H7: 3 | I7: 4 | J7: 5 | K7: 6** | L7: 7** | M7: 8** | N7: NOTES
B8: Online Montessori Records | C8: Montessori memberships, Transparent Classroom | D8: 15 | E8: 15 | F8: 15 | G8: 15 | H8: 15 | I8: 15 | J8: 15 | K8: 15 | L8: 0 | M8: 0 | N8: MS not using this program
B9: Jeffco Technology Fee *Mandatory | C9: Mandatory Jeffco Chromebook Fee | D9: 0 | E9: 0 | F9: 0 | G9: 0 | H9: 0 | I9: 0 | J9: 0 | K9: 0 | L9: 0 | M9: 0
B10: Technology | C10: FHM Digital Technology Fee | D10: 8 | E10: 8 | F10: 8 | G10: 8 | H10: 8 | I10: 8 | J10: 8 | K10: 8 | L10: 5 | M10: 5 | N10: increased PK-5 from 0.00, 5.00 to 8.00. increased MS from 5.00-7.00.
B11: Classroom supplies for student | C11: Expendable classroom, Montessori project materials, required in addition to standard school supplies | D11: 25 | E11: 25 | F11: 25 | G11: 25 | H11: 25 | I11: 25 | J11: 25 | K11: 25 | L11: 15 | M11: 15 | N11: increased PRIM from 15.00 to 20.00. increased MS from 10.00 to 25.00
B12: Work Folders | C12: Student schoolwork storage | D12: 1 | E12: 2 | F12: 3 | G12: 3 | H12: 3 | I12: 2 | J12: 2 | K12: 2 | L12: 0 | M12: 0 | N12: increased from 1.00 to 3.00. removed MS fee
B13: Composition Journal | C13: Complement to Montessori materials | D13: 0 | E13: 5.25 | F13: 7 | G13: 7 | H13: 7 | I13: 7 | J13: 7 | K13: 7 | L13: 3.5 | M13: 3.5 | N13: Added itemized fee for materials that can be purchased in bulk
B14: Wonders Workbooks and Materials | C14: Literacy curriculum | D14: 0 | E14: 0 | F14: 0 | G14: 0 | H14: 0 | I14: 0 | J14: 0 | K14: 0 | L14: 0 | M14: 0 | O14: 15
B15: Library | C15: Shared media support and handouts | D15: 0 | E15: 0 | F15: 0 | G15: 0 | H15: 0 | I15: elective | J15: elective | K15: elective | L15: elective | M15: elective | N15: removed fee
B16: Art | C16: Material cost for student projects | D16: 0 | E16: 0 | F16: 0 | G16: 0 | H16: 0 | I16: elective | J16: elective | K16: elective | L16: elective | M16: elective | N16: increased from 10.00
B17: Music | C17: Supplies, sheet music (includes digital), recorder | D17: 0 | E17: 0 | F17: 0 | G17: 0 | H17: 0 | I17: elective | J17: elective | K17: elective | L17: elective | M17: elective | N17: increased KG-3rd from 3.00 to 5.00, increased 4th and 5th from 5.00 to 8.00 to cover recorder expense
B18: PE | C18: Health and Wellness Student Materials/ Playground Equipment Replacement | D18: 0 | E18: 0 | F18: 0 | G18: 0 | H18: 0 | I18: elective | J18: elective | K18: elective | L18: elective | M18: elective | N18: increased from 5.00
B19: Program Activity Fee | C19: Student assemblies, student council, enrichment activities | D19: 0 | E19: 0 | F19: 0 | G19: 0 | H19: 0 | I19: 0 | J19: 0 | K19: 0 | L19: 0 | M19: 0 | N19: removed fee
B20: Science Support Program | C20: Workbooks, handouts, consumable lab supplies | D20: 5 | E20: 5 | F20: 5 | G20: 5 | H20: 5 | I20: 5 | J20: 5 | K20: 5 | L20: 5 | M20: 5 | N20: increased MS from 10.00 to 20.00. reduced LE to 2.00 from 5.00. removed PRIM fee
B21: Consumer Science | C21: Workbooks, handouts, consumable supplies | D21: 0 | E21: 0 | F21: 0 | G21: 0 | H21: 0 | I21: 0 | J21: 0 | K21: 0 | L21: 10 | M21: 10 | N21: increased from 7.00
B22: OPT: Yearbook (Not included in total) | C22: 2026 FHM Yearbook | D22: 40 | E22: 40 | F22: 40 | G22: 40 | H22: 40 | I22: 40 | J22: 40 | K22: 40 | L22: 40 | M22: 40
B23: OPT: School Supply Fee (Not included in total) | C23: Grade level school supplies | D23: 40 | E23: 40 | F23: 40 | G23: 40 | H23: 40 | I23: 40 | J23: 40 | K23: 40 | L23: 40 | M23: 40 | N23: Optional Fee for school supplies increased. 50% payment rate
B24: Mandatory Fees Total | D24: =SUM(D8:D21) -> 54 | E24: =SUM(E8:E21) -> 60.25 | F24: =SUM(F8:F21) -> 63 | G24: =SUM(G8:G21) -> 63 | H24: =SUM(H8:H21) -> 63 | I24: =SUM(I8:I21) -> 62 | J24: =SUM(J8:J21) -> 62 | K24: =SUM(K8:K21) -> 62 | ... M24: =SUM(M8:M21) -> 38.5
C25: FY 2025-2026 Fees | D25: 46.5 | E25: 104.75 | F25: 120.25 | G25: 120.25 | H25: 115.25 | I25: 117.25 | J25: 117.25 | K25: 125 | L25: 125 | M25: 125
B27: ADDITIONAL MANDATORY FEES (payable throughout school year at time of participation)
B28: 6th Grade Excursion estimated total only | C28: Outdoor education program | D28: 0 | E28: 0 | F28: 0 | G28: 0 | H28: 0 | I28: 0 | J28: 0 | K28: 300 | L28: 0 | M28: 0
B29: Co-curricular Off-Site Trip Costs (estimated total only) | C29: Instructional/ co-curricular experiential learning participation & transportation costs | D29: 0 | E29: 50 | F29: 50 | G29: 50 | H29: 50 | I29: 100 | J29: 100 | K29: $200-$1,000 | L29: $200-$1,000 | M29: $200-$,1000
B30: VOLUNTARY FEES (payable throughout school year at time of participation)
B31: Middle School Electives (estimate; see full course menu) | C31: Student use fees/materials for electives; see course catalog for details | D31: 0 | E31: 0 | F31: 0 | G31: 0 | H31: 0 | I31: 0 | J31: 0 | K31: varies ($5 - $100) | L31: varies ($5 - $100) | M31: varies ($5 - $100)
B33: Preschool 3yo Tuition: | C33: Preschool 3yo Tuition: | D33: 3YO: Five full days | E33: 3YO: Three full days
B34: Monthly (10 Installments) | C34: Monthly (10 Installments) | D34: 1100 | E34: 750 | F34: Increased full time tuition to closer mirror PPR
B35: Annual | C35: Annual | D35: 11000 | E35: 7500
B36: Pre-kindergarten 4yo Tuition after UPK: | C36: Pre-kindergarten 4yo Tuition after UPK: | D36: 4YO: Five full days | E36: 4YO: Three full days
B37: Monthly (10 Installments) | C37: Monthly (10 Installments) | D37: 500 | E37: 150 | F37: Froze 3 day
B38: Annual | C38: Annual | D38: =D37*10 -> 5000 | E38: =150*10 -> 1500 | F38: 5D: 2% increase
B40: Morning and After Care Program | C40: Monthly Cost | I40: Morning and After Care Program Additional Options
C41: 1 day per week | D41: 2 days per week | E41: 3 days per week | F41: 4 days per week | G41: 5 days per week | I41: BC Drop In | J41: AC Drop In | K41: Before and After Care
I42: 7:30 - start of school | J42: Dismissal - 5:30 pm | K42: 5 Days per week
B43: Before Care: 7:30 am - start of school | C43: 65 | D43: 120 | E43: 175 | F43: 215 | G43: 255 | I43: Daily | J43: Daily | K43: Monthly
B44: After Care: Dismissal - 5:30 pm | C44: 130 | D44: 220 | E44: 300 | F44: 360 | G44: 410 | I44: 20 | J44: 45 | K44: 590
B46: Preschool (PK) IEP Discount (10 hours per week):
C47: 3343.44 | D47: IEP Annual Discount
C48: 334.34 | D48: IEP Monthly Discount

Sheet FY26 Student Fee Sched_2.27.25
C3: Free Horizon Montessori Fee Schedule
C4: 2025-2026 School Year
B6: Mandatory Fees
B7: Fee Name | C7: Fee Detail | D7: Preschool (PK) | E7: KG | F7: 1 | G7: 2 | H7: 3 | I7: 4 | J7: 5 | K7: 6** | L7: 7** | M7: 8** | N7: NOTES
B8: Online Montessori Records | C8: Montessori Classroom Management | D8: 15 | E8: 15 | F8: 15 | G8: 15 | H8: 15 | I8: 15 | J8: 15 | K8: 15 | L8: 0 | M8: 0 | N8: MS not using this program. Reduced to Jeffco BOD fees mandate. 2.27.25
B9: Jeffco Technology Fee *Mandatory | C9: Mandatory Jeffco Chromebook Fee | D9: 0 | E9: 0 | F9: 0 | G9: 0 | H9: 0 | I9: 0 | J9: 0 | K9: 0 | L9: 0 | M9: 0 | N9: 0
B10: Technology | C10: FHM Digital Technology Fee | D10: 3 | E10: 3 | F10: 3 | G10: 3 | H10: 3 | I10: 3 | J10: 3 | K10: 2 | L10: 2 | M10: 2 | N10: reduced PK-5 to 3.00, reduced MS to 2.00 due to carryforward
B11: Classroom supplies for student | C11: Expendable classroom, project materials that are retained by student | D11: 20 | E11: 20 | F11: 10 | G11: 10 | H11: 10 | I11: 10 | J11: 10 | K11: 25 | L11: 25 | M11: 25 | N11: increased PRIM from 15.00 to 20.00. increased MS from 10.00 to 25.00 | O11: allowed up to 132.00 for classroom consumables
B12: Student Planner | C12: Student workplan management | D12: 0 | E12: 0 | F12: 0 | G12: 0 | H12: 0 | I12: 0 | J12: 0 | K12: 0 | L12: 0 | M12: 0 | N12: no longer need
B13: Work Folders | C13: Student schoolwork storage | D13: 1 | E13: 2 | F13: 3 | G13: 3 | H13: 3 | I13: 4 | J13: 4 | K13: 0 | L13: 0 | M13: 0 | N13: increased from 1.00 based on amount needed per grade. removed MS fee
B14: Composition Journal | C14: Complement to Montessori materials | D14: 0 | E14: 5.25 | F14: 5.25 | G14: 5.25 | H14: 5.25 | I14: 5.25 | J14: 5.25 | K14: 3 | L14: 3 | M14: 3 | N14: Added itemized fee for materials that can be purchased in bulk
B15: Wonders Workbooks and Materials | C15: Literacy curriculum | D15: 0 | E15: 0 | F15: 0 | G15: 0 | H15: 0 | I15: 0 | J15: 0 | K15: 0 | L15: 0 | M15: 0 | N15: no longer need
B16: Library | C16: Shared media support and handouts | D16: 0 | E16: 0 | F16: 0 | G16: 0 | H16: 0 | I16: 0 | J16: 0 | K16: elective | L16: elective | M16: elective | N16: removed fee due to carryforward
B17: Art | C17: Material cost for student projects | D17: 0 | E17: 0 | F17: 0 | G17: 0 | H17: 0 | I17: 0 | J17: 0 | K17: elective | L17: elective | M17: elective | N17: removed fee. Closed inactive programs and reallocated rnvue to best program match. 2.27.25
B18: Music | C18: Supplies, sheet music (includes digital), recorder | D18: 0 | E18: 0 | F18: 0 | G18: 0 | H18: 0 | I18: 0 | J18: 0 | K18: elective | L18: elective | M18: elective | N18: removed fee. Closed inactive programs and reallocated rnvue to best program match. 2.27.25
B19: PE | C19: Health and Wellness Student Materials/ Playground Equipment Replacement | D19: 0 | E19: 0 | F19: 0 | G19: 0 | H19: 0 | I19: 0 | J19: 0 | K19: elective | L19: elective | M19: elective | N19: removed fee. Closed inactive programs and reallocated rnvue to best program match. 2.27.25
B20: Program Activity Fee | C20: Student assemblies, student council, enrichment activities | D20: 0 | E20: 0 | F20: 0 | G20: 0 | H20: 0 | I20: 0 | J20: 0 | K20: 0 | L20: 0 | M20: 0 | N20: removed fee due to inactivity
B21: Science Support Program | C21: Workbooks, handouts, consumable lab supplies | D21: 2.5 | E21: 2.5 | F21: 4 | G21: 4 | H21: 4 | I21: 5 | J21: 5 | K21: 20 | L21: 20 | M21: 20 | N21: increased MS from 10.00 to 20.00. reduced LE to 2.00 from 5.00. reduced PRIM fee to 2.50
B22: Consumer Science | C22: Workbooks, handouts, consumable supplies | D22: 0 | E22: 0 | F22: 0 | G22: 0 | H22: 0 | I22: 0 | J22: 0 | K22: 10 | L22: 10 | M22: 10 | N22: reduced from 15.00 to meet Jeffco BOD allowable fees
B23: OPT: Yearbook (Not included in total) | C23: 2027 FHM Yearbook | D23: 40 | E23: 40 | F23: 40 | G23: 40 | H23: 4 | I23: 40 | J23: 40 | K23: 40 | L23: 40 | M23: 40 | N23: using as a placeholder until vendor verified*
B24: OPT: School Supply Fee (Not included in total) | C24: Grade level school supplies | D24: 40 | E24: 40 | F24: 40 | G24: 40 | H24: 40 | I24: 40 | J24: 40 | K24: 40 | L24: 40 | M24: 40 | N24: Optional Fee for school supplies increased. 50% payment rate
B25: Mandatory Fees Total | D25: =SUM(D8:D22) -> 41.5 | E25: =SUM(E8:E22) -> 47.75 | F25: =SUM(F8:F22) -> 40.25 | G25: =SUM(G8:G22) -> 40.25 | H25: =SUM(H8:H22) -> 40.25 | I25: =SUM(I8:I22) -> 42.25 | J25: =SUM(J8:J22) -> 42.25 | K25: =SUM(K8:K22) -> 75 | ... M25: =SUM(M8:M22) -> 60 | N25: FY26 Fees now projected lower than FY25
C26: FY 2024-2025 Fees | D26: 50.5 | E26: 123.5 | F26: 152.5 | G26: 152.5 | H26: 147.5 | I26: 154.5 | J26: 154.5 | K26: 143.5 | L26: 143.5 | M26: 143.5
B28: ADDITIONAL MANDATORY FEES (payable throughout school year at time of participation)
B29: 6th Grade Excursion estimated total only | C29: Outdoor education program | D29: 0 | E29: 0 | F29: 0 | G29: 0 | H29: 0 | I29: 0 | J29: 0 | K29: 300 | L29: 0 | M29: 0
B30: Co-curricular Off-Site Trip Costs (estimated total only) | C30: Instructional/ co-curricular experiential learning participation & transportation costs | D30: 0 | E30: 50 | F30: 50 | G30: 50 | H30: 50 | I30: 100 | J30: 100 | K30: $200-$1,000 | L30: $200-$1,000 | M30: $200-$,1000
B31: VOLUNTARY FEES (payable throughout school year at time of participation)
B32: Middle School Electives (estimate; see full course menu) | C32: Student use fees/materials for electives; see course catalog for details | D32: 0 | E32: 0 | F32: 0 | G32: 0 | H32: 0 | I32: 0 | J32: 0 | K32: varies ($5 - $100) | L32: varies ($5 - $100) | M32: varies ($5 - $100)
B34: Preschool 3yo Tuition: | C34: Preschool 3yo Tuition: | D34: 3YO: Five full days | E34: 3YO: Three full days
B35: Monthly (10 Installments) | C35: Monthly (10 Installments) | D35: =+D36/10 -> 1030 | E35: =+E36/10 -> 720 | F35: Freeze PK3 tuition
B36: Annual | C36: Annual | D36: 10300 | E36: 7200
B37: Pre-kindegarten 4yo Tuition after UPK: | C37: Pre-kindegarten 4yo Tuition after UPK: | D37: 4YO: Five full days | E37: 4YO: Three full days
B38: Monthly (10 Installments) | C38: Monthly (10 Installments) | D38: 475 | E38: ='Tuition Proposed Rate Increases'!G8 -> 150 | F38: 3D: 3.5% increase
B39: Annual | C39: Annual | D39: =D38*10 -> 4750 | E39: =150*10 -> 1500 | F39: 5D: 5% increase
B41: Morning and After Care Program | C41: Monthly Cost | I41: Morning and After Care Program Additional Options
C42: 1 day per week | D42: 2 days per week | E42: 3 days per week | F42: 4 days per week | G42: 5 days per week | I42: BC Drop In | J42: AC Drop In | K42: Before and After Care
I43: 7:30 - start of school | J43: Dismissal - 5:30 pm | K43: 5 Days per week
B44: Before Care: 7:30 am - start of school | C44: 65 | D44: 120 | E44: 170 | F44: 210 | G44: 250 | I44: Daily | J44: Daily | K44: Monthly
B45: After Care: Dismissal - 5:30 pm | C45: 125 | D45: 220 | E45: 285 | F45: 350 | G45: 400 | I45: 20 | J45: 45 | K45: 580
B47: Preschool (PK) IEP Discount (10 hours per week):
C48: 3343.44 | D48: IEP Annual Discount
C49: 334.34 | D49: IEP Monthly Discount

Sheet Proposed BAC Rate Increases
A1: Historical BAC Rates
A2: MORNING CARE | I2: AFTERCARE | Q2: 2026-27 Rate Increase
B3: School Year | C3: Program | D3: Annual Morning Rates | E3: $ increase per year | F3: % Increase Year over Year | G3: Average | J3: School Year | K3: Program | L3: Annual Afternoon Rates | M3: $ increase per year | N3: % Increase Year over Year | O3: Average | Q3: Before Care Program | R3: Current Monthly Rate | S3: Increase | T3: Increased Monthly Rate | U3: Monthly Increase | V3: Daily Rate | W3: Notes
B4: 2014_15 | C4: BC 1 day/wk | D4: NA | E4: 0 | G4: =(F9+F10+F11+F12)/4 -> 0.022006803 | J4: 2014_15 | K4: AC 1 day/wk | L4: NA | O4: =(N6+N7+N8+N9+N10+N11+N12)/7 -> 0.016864532 | Q4: =C4 -> BC 1 day/wk | R4: 65 | S4: 0 | T4: =(R4*S4)+R4 -> 65 | U4: =T4-R4 -> 0 | V4: =T4/4 -> 16.25
B5: 2015_16 | D5: NA | E5: 0 | J5: 2015_16 | L5: 95 | Q5: =C17 -> BC 2 days/wk | R5: 120 | S5: 0 | T5: =(R5*S5)+R5 -> 120 | U5: =T5-R5 -> 0 | V5: =T5/8 -> 15
B6: 2016_17 | D6: NA | E6: 0 | J6: 2016_17 | L6: 96 | M6: =L6-L5 -> 1 | N6: =M6/L6 -> 0.010416667 | Q6: =C30 -> BC 3 days/wk | R6: 170 | S6: 0.0294 | T6: =(R6*S6)+R6 -> 174.998 | U6: =T6-R6 -> 4.998 | V6: =T6/12 -> 14.583167
B7: 2017_18 | D7: 48 | E7: 48 | J7: 2017_18 | L7: 98 | M7: =L7-L6 -> 2 | N7: =M7/L7 -> 0.020408163 | Q7: =C43 -> BC 4 days/wk | R7: 210 | S7: 0.0238 | T7: =(R7*S7)+R7 -> 214.998 | U7: =T7-R7 -> 4.998 | V7: =T7/16 -> 13.437375
B8: 2018_19 | D8: 48 | E8: =D8-D7 -> 0 | F8: =E8/D8 -> 0 | J8: 2018_19 | L8: 98 | M8: =L8-L7 -> 0 | N8: =M8/L8 -> 0 | Q8: =C56 -> BC 5 days/wk | R8: 250 | S8: 0.02 | T8: =(R8*S8)+R8 -> 255 | U8: =T8-R8 -> 5 | V8: =T8/20 -> 12.75
B9: 2019_20 | D9: 49 | E9: =D9-D8 -> 1 | F9: =E9/D9 -> 0.020408163 | J9: 2019_20 | L9: 100 | M9: =L9-L8 -> 2 | N9: =M9/L9 -> 0.02
B10: 2020_21 | D10: 50 | E10: =D10-D9 -> 1 | F10: =E10/D10 -> 0.02 | J10: 2020_21 | L10: 102 | M10: =L10-L9 -> 2 | N10: =M10/L10 -> 0.019607843 | Q10: After Care Program | R10: Current Monthly Rate | S10: Increase | T10: Increased Monthly Rate | U10: Monthly Increase | V10: Daily Rate | W10: Notes
B11: 2021_22 | D11: 50 | E11: =D11-D10 -> 0 | F11: =E11/D11 -> 0 | J11: 2021_22 | L11: 102 | M11: =L11-L10 -> 0 | N11: =M11/L11 -> 0 | Q11: =K4 -> AC 1 day/wk | R11: 125 | S11: 0.04 | T11: =(R11*S11)+R11 -> 130 | U11: =T11-R11 -> 5 | V11: =T11/4 -> 32.5
B12: 2022_23 | D12: 52.5 | E12: =D12-D11 -> 2.5 | F12: =E12/D12 -> 0.047619048 | J12: 2022_23 | L12: 107.1 | M12: =L12-L11 -> 5.1 | N12: =M12/L12 -> 0.047619048 | Q12: =K17 -> AC 2 days/wk | R12: 220 | S12: 0 | T12: =(R12*S12)+R12 -> 220 | U12: =T12-R12 -> 0 | V12: =T12/8 -> 27.5 | X12: =V12/V11 -> 0.84615385 | Y12: =V11-V12 -> 5 | AA12: =T12-T11 -> 90
B13: 2023_24 | D13: 57.75 | E13: =D14-D13 -> 2.25 | F13: =E13/D13 -> 0.038961039 | J13: 2023_24 | L13: 117.81 | M13: =L14-L13 -> 7.19 | N13: =M13/L13 -> 0.061030473 | Q13: =K30 -> AC 3 days/wk | R13: 285 | S13: 0.05263 | T13: =(R13*S13)+R13 -> 299.99955 | U13: =T13-R13 -> 14.99955 | V13: =T13/12 -> 24.999962 | X13: =V13/V12 -> 0.90908955 | Y13: =V12-V13 -> 2.5000375 | AA13: =T13-T12 -> 79.99955
B14: 2024_25 | D14: 60 | E14: =D15-D14 -> 5 | F14: =E14/D14 -> 0.083333333 | J14: 2024_25 | L14: 125 | M14: =L15-L14 -> 0 | N14: =M14/L14 -> 0 | Q14: =K43 -> AC 4 days/wk | R14: 350 | S14: 0.02857 | T14: =(R14*S14)+R14 -> 359.9995 | U14: =T14-R14 -> 9.9995 | V14: =T14/16 -> 22.499969 | X14: =V14/V13 -> 0.9000001 | Y14: =V13-V14 -> 2.4999937 | AA14: =T14-T13 -> 59.99995
B15: 2025_26 | D15: 65 | E15: =D16-D15 -> 0 | F15: =E15/D15 -> 0 | J15: 2025_26 | L15: 125 | M15: =L16-L15 -> 5 | N15: =M15/L15 -> 0.04 | Q15: =K56 -> AC 5 days/wk | R15: 400 | S15: 0.025 | T15: =(R15*S15)+R15 -> 410 | U15: =T15-R15 -> 10 | V15: =T15/20 -> 20.5 | X15: =V15/V14 -> 0.91111238 | Y15: =V14-V15 -> 1.9999688 | AA15: =T15-T14 -> 50.0005
B16: 2026_27 | D16: =T4 -> 65 | J16: 2026_27 | L16: =T11 -> 130
B17: 2014_15 | C17: BC 2 days/wk | D17: 88 | G17: =(F18+F19+F20+F21+F22+F23+F24+F25)/8 -> 0.021715932 | J17: 2014_15 | K17: AC 2 days/wk | L17: 156 | O17: =(N18+N19+N20+N21+N22+N23+N24+N25)/8 -> 0.022199696 | Q17: Morning and Aftercare | R17: Current Monthly Rate | S17: Increase | T17: Increased Monthly Rate | U17: Monthly Increase | V17: Daily Rate | W17: Notes
B18: 2015_16 | D18: 92 | E18: =D18-D17 -> 4 | F18: =E18/D18 -> 0.043478261 | J18: 2015_16 | L18: 164 | M18: =L18-L17 -> 8 | N18: =M18/L18 -> 0.048780488 | Q18: =C70 -> B&AC 5 days/wk | R18: 580 | S18: 0.01724 | T18: =(R18*S18)+R18 -> 589.9992 | U18: =T18-R18 -> 9.9992 | V18: =T18/20 -> 29.49996 | Y18: =V8+V15 -> 33.25 | Z18: =Y18-V18 -> 3.75004
B19: 2016_17 | D19: 93 | E19: =D19-D18 -> 1 | F19: =E19/D19 -> 0.010752688 | J19: 2016_17 | L19: 165.75 | M19: =L19-L18 -> 1.75 | N19: =M19/L19 -> 0.010558069 | Q19: Average increase | S19: =(S4+S5+S6+S7+S8+S11+S12+S13+S14+S15+S18)/11 -> 0.021512727
B20: 2017_18 | D20: 95 | E20: =D20-D19 -> 2 | F20: =E20/D20 -> 0.021052632 | J20: 2017_18 | L20: 169 | M20: =L20-L19 -> 3.25 | N20: =M20/L20 -> 0.019230769
B21: 2018_19 | D21: 96 | E21: =D21-D20 -> 1 | F21: =E21/D21 -> 0.010416667 | J21: 2018_19 | L21: 171 | M21: =L21-L20 -> 2 | N21: =M21/L21 -> 0.011695906
B22: 2019_20 | D22: 98 | E22: =D22-D21 -> 2 | F22: =E22/D22 -> 0.020408163 | J22: 2019_20 | L22: 174 | M22: =L22-L21 -> 3 | N22: =M22/L22 -> 0.017241379
B23: 2020_21 | D23: 100 | E23: =D23-D22 -> 2 | F23: =E23/D23 -> 0.02 | J23: 2020_21 | L23: 178 | M23: =L23-L22 -> 4 | N23: =M23/L23 -> 0.02247191
B24: 2021_22 | D24: 100 | E24: =D24-D23 -> 0 | F24: =E24/D24 -> 0 | J24: 2021_22 | L24: 178 | M24: =L24-L23 -> 0 | N24: =M24/L24 -> 0
B25: 2022_23 | D25: 105 | E25: =D25-D24 -> 5 | F25: =E25/D25 -> 0.047619048 | J25: 2022_23 | L25: 186.9 | M25: =L25-L24 -> 8.9 | N25: =M25/L25 -> 0.047619048
B26: 2023_24 | D26: 115.5 | E26: =D27-D26 -> 4.5 | F26: =E26/D26 -> 0.038961039 | J26: 2023_24 | L26: 205.59 | M26: =L27-L26 -> 9.41 | N26: =M26/L26 -> 0.045770709
B27: 2024_25 | D27: 120 | E27: =D28-D27 -> 0 | F27: =E27/D27 -> 0 | J27: 2024_25 | L27: 215 | M27: =L28-L27 -> 5 | N27: =M27/L27 -> 0.023255814
B28: 2025_26 | D28: 120 | E28: =D29-D28 -> 0 | F28: =E28/D28 -> 0 | J28: 2025_26 | L28: 220 | M28: =L29-L28 -> 0 | N28: =M28/L28 -> 0
B29: 2026_27 | D29: =T5 -> 120 | J29: 2026_27 | L29: =T12 -> 220
B30: 2014_15 | C30: BC 3 days/wk | D30: 124 | G30: =(F31+F32+F33+F34+F35+F36+F37+F38)/8 -> 0.020906418 | J30: 2014_15 | K30: AC 3 days/wk | L30: 188 | O30: =(N31+N32+N33+N34+N35+N36+N37+N38)/8 -> 0.021341651
B31: 2015_16 | D31: 130 | E31: =D31-D30 -> 6 | F31: =E31/D31 -> 0.046153846 | J31: 2015_16 | L31: 197 | M31: =L31-L30 -> 9 | N31: =M31/L31 -> 0.045685279
B32: 2016_17 | D32: 131.25 | E32: =D32-D31 -> 1.25 | F32: =E32/D32 -> 0.0095238095 | J32: 2016_17 | L32: 199 | M32: =L32-L31 -> 2 | N32: =M32/L32 -> 0.010050251
B33: 2017_18 | D33: 134 | E33: =D33-D32 -> 2.75 | F33: =E33/D33 -> 0.020522388 | J33: 2017_18 | L33: 203 | M33: =L33-L32 -> 4 | N33: =M33/L33 -> 0.019704433
B34: 2018_19 | D34: 135 | E34: =D34-D33 -> 1 | F34: =E34/D34 -> 0.0074074074 | J34: 2018_19 | L34: 205 | M34: =L34-L33 -> 2 | N34: =M34/L34 -> 0.0097560976
B35: 2019_20 | D35: 138 | E35: =D35-D34 -> 3 | F35: =E35/D35 -> 0.02173913 | J35: 2019_20 | L35: 209 | M35: =L35-L34 -> 4 | N35: =M35/L35 -> 0.019138756
B36: 2020_21 | D36: 140 | E36: =D36-D35 -> 2 | F36: =E36/D36 -> 0.014285714 | J36: 2020_21 | L36: 213 | M36: =L36-L35 -> 4 | N36: =M36/L36 -> 0.018779343
B37: 2021_22 | D37: 140 | E37: =D37-D36 -> 0 | F37: =E37/D37 -> 0 | J37: 2021_22 | L37: 213 | M37: =L37-L36 -> 0 | N37: =M37/L37 -> 0
B38: 2022_23 | D38: 147 | E38: =D38-D37 -> 7 | F38: =E38/D38 -> 0.047619048 | J38: 2022_23 | L38: 223.65 | M38: =L38-L37 -> 10.65 | N38: =M38/L38 -> 0.047619048
B39: 2023_24 | D39: 161.7 | E39: =D40-D39 -> 3.3 | F39: =E39/D39 -> 0.020408163 | J39: 2023_24 | L39: 246.02 | M39: =L40-L39 -> 8.98 | N39: =M39/L39 -> 0.036501097
B40: 2024_25 | D40: 165 | E40: =D41-D40 -> 5 | F40: =E40/D40 -> 0.03030303 | J40: 2024_25 | L40: 255 | M40: =L41-L40 -> 30 | N40: =M40/L40 -> 0.11764706
B41: 2025_26 | D41: 170 | E41: =D42-D41 -> 4.998 | F41: =E41/D41 -> 0.0294 | J41: 2025_26 | L41: 285 | M41: =L42-L41 -> 10.0035 | N41: =M41/L41 -> 0.0351
B42: 2026_27 | D42: =T6 -> 174.998 | J42: 2026_27 | L42: 295.0035
B43: 2014_15 | C43: BC 4 days/wk | D43: 155 | G43: =(F44+F45+F46+F47+F48+F49+F50+F51)/8 -> 0.022296351 | J43: 2014_15 | K43: AC 4 days/wk | L43: 241 | O43: =(N44+N45+N46+N47+N48+N49+N50+N51)/8 -> 0.021758312
B44: 2015_16 | D44: 163 | E44: =D44-D43 -> 8 | F44: =E44/D44 -> 0.049079755 | J44: 2015_16 | L44: 253 | M44: =L44-L43 -> 12 | N44: =M44/L44 -> 0.04743083
B45: 2016_17 | D45: 164.75 | E45: =D45-D44 -> 1.75 | F45: =E45/D45 -> 0.010622155 | J45: 2016_17 | L45: 255.5 | M45: =L45-L44 -> 2.5 | N45: =M45/L45 -> 0.0097847358
B46: 2017_18 | D46: 168 | E46: =D46-D45 -> 3.25 | F46: =E46/D46 -> 0.019345238 | J46: 2017_18 | L46: 261 | M46: =L46-L45 -> 5.5 | N46: =M46/L46 -> 0.021072797
B47: 2018_19 | D47: 170 | E47: =D47-D46 -> 2 | F47: =E47/D47 -> 0.011764706 | J47: 2018_19 | L47: 263 | M47: =L47-L46 -> 2 | N47: =M47/L47 -> 0.0076045627
B48: 2019_20 | D48: 173 | E48: =D48-D47 -> 3 | F48: =E48/D48 -> 0.01734104 | J48: 2019_20 | L48: 268 | M48: =L48-L47 -> 5 | N48: =M48/L48 -> 0.018656716
B49: 2020_21 | D49: 177 | E49: =D49-D48 -> 4 | F49: =E49/D49 -> 0.02259887 | J49: 2020_21 | L49: 274 | M49: =L49-L48 -> 6 | N49: =M49/L49 -> 0.02189781
B50: 2021_22 | D50: 177 | E50: =D50-D49 -> 0 | F50: =E50/D50 -> 0 | J50: 2021_22 | L50: 274 | M50: =L50-L49 -> 0 | N50: =M50/L50 -> 0
B51: 2022_23 | D51: 185.85 | E51: =D51-D50 -> 8.85 | F51: =E51/D51 -> 0.047619048 | J51: 2022_23 | L51: 287.7 | M51: =L51-L50 -> 13.7 | N51: =M51/L51 -> 0.047619048
B52: 2023_24 | D52: 204.44 | E52: =D53-D52 -> 5.56 | F52: =E52/D52 -> 0.027196243 | J52: 2023_24 | L52: 316.47 | M52: =L53-L52 -> 8.53 | N52: =M52/L52 -> 0.026953582
B53: 2024_25 | D53: 210 | E53: =D54-D53 -> 0 | F53: =E53/D53 -> 0 | J53: 2024_25 | L53: 325 | M53: =L54-L53 -> 25 | N53: =M53/L53 -> 0.076923077
B54: 2025_26 | D54: 210 | E54: =D55-D54 -> 4.998 | F54: =E54/D54 -> 0.0238 | J54: 2025_26 | L54: 350 | M54: =L55-L54 -> 9.9995 | N54: =M54/L54 -> 0.02857
B55: 2026_27 | D55: =T7 -> 214.998 | J55: 2026_27 | L55: =T14 -> 359.9995
B56: 2014_15 | C56: BC 5 days/wk | D56: 177 | G56: =(F57+F58+F59+F60+F61+F62+F63+F64)/8 -> 0.022223882 | J56: 2014_15 | K56: AC 5 days/wk | L56: 292 | O56: =(N57+N58+N59+N60+N61+N62+N63+N64)/8 -> 0.021756736
B57: 2015_16 | D57: 186 | E57: =D57-D56 -> 9 | F57: =E57/D57 -> 0.048387097 | J57: 2015_16 | L57: 307 | M57: =L57-L56 -> 15 | N57: =M57/L57 -> 0.048859935
B58: 2016_17 | D58: 188 | E58: =D58-D57 -> 2 | F58: =E58/D58 -> 0.010638298 | J58: 2016_17 | L58: 310 | M58: =L58-L57 -> 3 | N58: =M58/L58 -> 0.0096774194
A59: MORNING & AFTERCARE 5 Days a week | B59: 2017_18 | D59: 192 | E59: =D59-D58 -> 4 | F59: =E59/D59 -> 0.020833333 | J59: 2017_18 | L59: 317 | M59: =L59-L58 -> 7 | N59: =M59/L59 -> 0.022082019
B60: 2018_19 | D60: 194 | E60: =D60-D59 -> 2 | F60: =E60/D60 -> 0.010309278 | J60: 2018_19 | L60: 319 | M60: =L60-L59 -> 2 | N60: =M60/L60 -> 0.0062695925
B61: 2019_20 | D61: 198 | E61: =D61-D60 -> 4 | F61: =E61/D61 -> 0.02020202 | J61: 2019_20 | L61: 325 | M61: =L61-L60 -> 6 | N61: =M61/L61 -> 0.018461538
B62: 2020_21 | D62: 202 | E62: =D62-D61 -> 4 | F62: =E62/D62 -> 0.01980198 | J62: 2020_21 | L62: 332 | M62: =L62-L61 -> 7 | N62: =M62/L62 -> 0.021084337
B63: 2021_22 | D63: 202 | E63: =D63-D62 -> 0 | F63: =E63/D63 -> 0 | J63: 2021_22 | L63: 332 | M63: =L63-L62 -> 0 | N63: =M63/L63 -> 0
B64: 2022_23 | D64: 212.1 | E64: =D64-D63 -> 10.1 | F64: =E64/D64 -> 0.047619048 | J64: 2022_23 | L64: 348.6 | M64: =L64-L63 -> 16.6 | N64: =M64/L64 -> 0.047619048
B65: 2023_24 | D65: 233.31 | E65: =D66-D65 -> 6.69 | F65: =E65/D65 -> 0.028674296 | J65: 2023_24 | L65: 383.46 | M65: =L66-L65 -> 6.54 | N65: =M65/L65 -> 0.017055234
B66: 2024_25 | D66: 240 | E66: =D67-D66 -> 10 | F66: =E66/D66 -> 0.041666667 | J66: 2024_25 | L66: 390 | M66: =L67-L66 -> 10 | N66: =M66/L66 -> 0.025641026
B67: 2025_26 | D67: 250 | E67: =D68-D67 -> 5 | F67: =E67/D67 -> 0.02 | J67: 2025_26 | L67: 400 | M67: =L68-L67 -> 10 | N67: =M67/L67 -> 0.025
B68: 2026_27 | D68: =T8 -> 255 | J68: 2026_27 | L68: =T15 -> 410
B70: 2014_15 | C70: B&AC 5 days/wk | D70: 440 | G70: =(F71+F72+F73+F74+F75+F76+F77+F78)/8 -> 0.020561675
B71: 2015_16 | D71: 462 | E71: =D71-D70 -> 22 | F71: =E71/D71 -> 0.047619048
B72: 2016_17 | D72: 467 | E72: =D72-D71 -> 5 | F72: =E72/D72 -> 0.010706638
B73: 2017_18 | D73: 476 | E73: =D73-D72 -> 9 | F73: =E73/D73 -> 0.018907563
B74: 2018_19 | D74: 481 | E74: =D74-D73 -> 5 | F74: =E74/D74 -> 0.01039501
B75: 2019_20 | D75: 491 | E75: =D75-D74 -> 10 | F75: =E75/D75 -> 0.020366599
B76: 2020_21 | D76: 501 | E76: =D76-D75 -> 10 | F76: =E76/D76 -> 0.01996008
B77: 2021_22 | D77: 501 | E77: =D77-D76 -> 0 | F77: =E77/D77 -> 0
B78: 2022_23 | D78: 520 | E78: =D78-D77 -> 19 | F78: =E78/D78 -> 0.036538462
B79: 2023_24 | D79: 572 | E79: =D80-D79 -> 8 | F79: =E79/D79 -> 0.013986014
B80: 2024_25 | D80: 580 | E80: =D81-D80 -> 0 | F80: =E80/D80 -> 0
B81: 2025_26 | D81: 580 | E81: =D82-D81 -> 9.9992 | F81: =E81/D81 -> 0.01724
B82: 2026_27 | D82: =T18 -> 589.9992

Sheet CC020
A1: FREE HORIZON Montessori - FY27 Budget Proposal | E1: FREE HORIZON Montessori - FY27 Contingency Budget Proposal
A2: CC020 - 54700 | E2: CC020 - 54700
A3: 4.1.26 mh | E3: 10.4.26 mh
A4: Account | B4: Description | C4: FY24 Budget | E4: Account | F4: Description | G4: FY24 Budget
A5: 451000 | B5: Fees/Dues | C5: =300826*1.0215 -> 307293.76 | E5: 451000 | F5: Fees/Dues | G5: =(300826*0.9)*1.0215 -> 276564.38
A6: 451500 | B6: Student Fees-Registration | E6: 451500 | F6: Student Fees-Registration
B7: Total Revenues | C7: =C5 -> 307293.76 | F7: Total Revenues | G7: =G5 -> 276564.38
B9: Salaries | C9: 198000 | F9: Salaries | G9: 154000
A10: 699000 | B10: Employee Benefits | C10: =C9*35% -> 69300 | E10: 699000 | F10: Employee Benefits | G10: =G9*31.5% -> 48510
B11: Total Salaries and Benefits | C11: =SUM(C9:C10) -> 267300 | F11: Total Salaries and Benefits | G11: =SUM(G9:G10) -> 202510
A13: 708000 | B13: Background Verifications | C13: 1000 | E13: 708000 | F13: Background Verifications | G13: 1000
A14: 710000 | B14: Meals/Refreshments | C14: 15000 | E14: 710000 | F14: Meals/Refreshments | G14: 15000
A15: 768000 | B15: Postage | E15: 768000 | F15: Postage
A16: 713000 | B16: Student Transportation | E16: 713000 | F16: Student Transportation
A17: 715000 | B17: Student Admission / Entry Fee | E17: 715000 | F17: Student Admission / Entry Fee
A18: 769000 | B18: Permits/Licenses/Fees | C18: 5000 | E18: 769000 | F18: Permits/Licenses/Fees | G18: 5000
A19: 742000 | B19: Building Rental (Use Fee) | E19: 742000 | F19: Building Rental (Use Fee)
B20: Purchased Services | C20: =SUM(C13:C19) -> 21000 | F20: Purchased Services | G20: =SUM(G13:G19) -> 21000
A22: 820000 | B22: Instructional Material/Supply | C22: 5000 | E22: 820000 | F22: Instructional Material/Supply | G22: 5000
B23: Supplies | C23: =C22 -> 5000 | F23: Supplies | G23: =G22 -> 5000
B25: Expenses Before Indirect Costs | C25: =C11+C20+C23 -> 293300 | F25: Expenses Before Indirect Costs | G25: =G11+G20+G23 -> 228510
B27: Indirect Costs | C27: 0 | F27: Indirect Costs | G27: 0
B29: Total Expenses | C29: =C25+C27 -> 293300 | F29: Total Expenses | G29: =G25+G27 -> 228510
B31: Net Income(Loss) to Carry Forward FY27 | C31: =C7-C29 -> 13993.759 | F31: Net Income(Loss) to Carry Forward FY27 | G31: =G7-G29 -> 48054.383

Sheet Cost Per Student
A2: FY26 INNOVATION | E2: FY26 Innovation | F2: FY27 Charter Budget | G2: Difference
A3: FTE/PK | B3: TOTAL Enrollment | E3: 290 | F3: 290 | G3: =F3-E3 -> 0 | H3: FTE
A4: 290/93 | B4: =383 -> 383 | E4: 93 | F4: 80 | G4: =F4-E4 -> -13 | H4: PK
A5: FY26 Revenues | B5: 3688000 | E5: =B5 -> 3688000 | F5: 4437125.4 | G5: =F5-E5 -> 749125.35 | H5: Revenue
A6: FY26 Expenses | B6: 3658200 | E6: =B6 -> 3658200 | F6: 4404928.4 | G6: =F6-E6 -> 746728.4 | H6: Expenses
A7: FY26 Tuition per student (avg) | B7: 9387.0968 | E7: =B7 -> 9387.0968 | F7: =B18 -> 8888.5501 | G7: =F7-E7 -> -498.54669 | H7: Tuition
A8: FY26 PPR at 88% | B8: =11030*0.88 -> 9706.4 | E8: 11385 | F8: 11385 | G8: =F8-E8 -> 0 | H8: PPR
A9: FY26 Rvnue Per Student | B9: FY26 Expense per student | C9: Difference | E9: =A10 -> 9629.2428 | F9: =A21 -> 13033.159 | G9: =F9-E9 -> 3403.9162 | H9: Rv per Student
A10: =B5/B4 -> 9629.2428 | B10: =B6/B4 -> 9551.436 | C10: =A10-B10 -> 77.806789 | E10: =B10 -> 9551.436 | F10: =B21 -> 13304.997 | G10: =F10-E10 -> 3753.5607 | H10: Exp per Student
E12: FY27 Charter Budget | F12: FY27 Contingency | G12: Difference
A13: FY27 CHARTER | E13: 290 | F13: 275 | G13: =F13-E13 -> -15 | H13: FTE
A14: FTE/PK | B14: TOTAL Enrllmnt | E14: 80 | F14: 75 | G14: =F14-E14 -> -5 | H14: PK
A15: 290/80 | B15: 370 | E15: =B16 -> 4822268.8 | F15: =B27 -> 4493843.7 | G15: =F15-E15 -> -328425.1 | H15: Revenue
A16: FY27 Revenues | B16: ='GF020'!D81 -> 4822268.8 | E16: =B17 -> 4922848.8 | F16: =B28 -> 4494343.5 | G16: =F16-E16 -> -428505.28 | H16: Expenses
A17: FY27 Expenses | B17: ='GF020'!D82 -> 4922848.8 | E17: =B18 -> 8888.5501 | F17: =B29 -> 9481.1201 | G17: =F17-E17 -> 592.57001 | H17: Tuition
A18: FY27 Tuition per student (avg) | B18: ='Tuition Per 6 RM Model'!L10/80 -> 8888.5501 | E18: =B19 -> 11385 | F18: =B30 -> 11385 | G18: =F18-E18 -> 0 | H18: PPR
A19: FY27 PPR | B19: 11385 | E19: =A21 -> 13033.159 | F19: =A32 -> 12839.554 | G19: =F19-E19 -> -193.60549 | H19: Rv per Student
A20: Rvnue per Student | B20: Expns per student | C20: Difference | E20: =B21 -> 13304.997 | F20: =B32 -> 12840.981 | G20: =F20-E20 -> -464.01527 | H20: Exp per Student
A21: =B16/B15 -> 13033.159 | B21: =B17/B15 -> 13304.997 | C21: =A21-B21 -> -271.83776
A24: FY27 CHARTER CONTINGENCY
A25: FTE/PK | B25: TOTAL Enrllmnt
A26: 275/75 | B26: 350
A27: FY27 Revenues | B27: ='GF020'!E81 -> 4493843.7
A28: FY27 Expenses | B28: ='GF020'!E82 -> 4494343.5
A29: FY27 Tuition per student (avg) | B29: ='Tuition Per Toddler Model'!L10/75 -> 9481.1201
A30: FY27 PPR | B30: 11385
A31: Rvnue per Student | B31: Expns per student | C31: Difference
A32: =B27/B26 -> 12839.554 | B32: =B28/B26 -> 12840.981 | C32: =A32-B32 -> -1.4279766

Sheet FY25 Student Fee Sched
C3: Free Horizon Montessori Fee Schedule
C4: 2024-2025 School Year
B6: Mandatory Fees
B7: Fee Name | C7: Fee Detail | D7: Preschool (PK) | E7: KG | F7: 1 | G7: 2 | H7: 3 | I7: 4 | J7: 5 | K7: 6** | L7: 7** | M7: 8** | N7: NOTES
B8: Online Montessori Records | C8: Montessori memberships, Transparent Classroom | D8: 15 | E8: 20 | K8: 0 | L8: 0 | M8: 0 | N8: MS and Elementary Not using this Program. Need alternative.
B9: Technology | C9: FHM Instructional Licenses, Raptor, Digital Security, Handouts, Jeffco Technology Use Fee, FHM Technology Fee | D9: 0 | E9: =25+8 -> 33 | F9: 63 | G9: 63 | H9: 63 | I9: 63 | J9: 63 | K9: 63 | L9: 63 | M9: 63
B10: Classroom supplies for student | C10: Expendable classroom, project materials, required in addition to school supply list | D10: 40 | E10: 40 | F10: 40 | G10: 40 | H10: 40 | I10: 40 | J10: 40 | K10: 75 | L10: 75 | M10: 75 | N10: Incresed by $15 to accommodate purchasing supplies through FHM instead of school supply list. Fees can be reduced after approval, just not inceased.
B11: Student Planner | C11: Student workplan management | D11: 0 | E11: 0 | F11: 0 | G11: 0 | H11: 0 | I11: 5 | J11: 5 | K11: 0 | L11: 0 | M11: 0 | N11: Only used by Upper Elementary
B12: Math Support Program | C12: Complement to Montessori materials | D12: 0 | N12: Moby Max will no longer be used. Looking into alterantive solution. Quote not yet available.
B13: Spelling/Literacy/Language Arts Support Program | C13: Complement to Montessori materials | D13: 0 | N13: Lexia No longer needed for school wide use.Only needed for READ plan students. $40 fee removed.
B14: Library | C14: Shared media support and handouts | D14: 0 | E14: 3 | F14: 3 | G14: 3 | H14: 3 | I14: 3 | J14: 3 | K14: 3 | L14: 3 | M14: 3
B15: Art | C15: Material cost for student projects | D15: 0 | E15: 10 | F15: 10 | G15: 10 | H15: 10 | I15: 10 | J15: 10 | K15: elective | L15: elective | M15: elective
B16: Music | C16: Supplies, sheet music (includes digital), recorder | D16: 0 | E16: 2 | F16: 3 | G16: 3 | H16: 3 | I16: 5 | J16: 5 | K16: elective | L16: elective | M16: elective | N16: increased 4th and 5th from $3
B17: PE | C17: Health and Wellness Student Materials/ Playground Equipment Replacement | D17: 0 | E17: 5 | F17: 5 | G17: 5 | H17: 5 | I17: 5 | J17: 5 | K17: elective | L17: elective | M17: elective | N17: added fee to KG
B18: Program Activity Fee | C18: Student assemblies, student council, enrichment activities | D18: 4 | E18: 5 | F18: 5 | G18: 5 | H18: 5 | I18: 5 | J18: 5 | K18: 5 | L18: 5 | M18: 5
B19: Science Support Program | C19: Workbooks, handouts, consumable lab supplies | D19: 0 | E19: 0 | F19: 5 | G19: 5 | H19: 5 | I19: 5 | J19: 5 | K19: 10 | L19: 10 | M19: 10 | N19: Lowered MS by $5 per student
B20: Consumer Science | C20: Workbooks, handouts, consumable supplies | D20: 0 | E20: 0 | F20: 0 | G20: 0 | H20: 0 | I20: 0 | J20: 0 | K20: 7 | L20: 7 | M20: 7
B21: Mandatory Fees Total | D21: =SUM(D8:D20) -> 59 | E21: =SUM(E8:E20) -> 118 | F21: =SUM(F8:F20) -> 134 | G21: =SUM(G8:G20) -> 134 | H21: =SUM(H8:H20) -> 134 | I21: =SUM(I8:I20) -> 141 | J21: =SUM(J8:J20) -> 141 | K21: =SUM(K8:K20) -> 163 | ... M21: =SUM(M8:M20) -> 163
C22: FY 2023_2024 Fees | D22: 44 | E22: 125 | F22: 169 | G22: 169 | H22: 164 | I22: 169 | J22: 169 | K22: 163 | L22: 163 | M22: 163
B24: ADDITIONAL MANDATORY FEES (payable throughout school year at time of participation)
B25: 6th Grade Excursion estimated total only | C25: Outdoor education program | D25: 0 | E25: 0 | F25: 0 | G25: 0 | H25: 0 | I25: 0 | J25: 0 | K25: 300 | L25: 0 | M25: 0
B26: Co-curricular Off-Site Trip Costs (estimated total only) | C26: Instructional/ co-curricular experiential learning participation & transportation costs | D26: 30 | E26: 30 | F26: 30 | G26: 30 | H26: 30 | I26: 30 | J26: 30 | K26: $200-$1,000 | L26: $200-$1,000 | M26: $200-$,1000
B27: VOLUNTARY FEES (payable throughout school year at time of participation)
B28: Middle School Electives (estimate; see full course menu) | C28: Student use fees/materials for electives; see course catalog for details | D28: 0 | E28: 0 | F28: 0 | G28: 0 | H28: 0 | I28: 0 | J28: 0 | K28: varies ($5 - $100) | L28: varies ($5 - $100) | M28: varies ($5 - $100)
B30: Preschool 3yo Tuition: | C30: 3YO: Five full days | D30: 3YO: Three full days
B31: Monthly (10 Installments) | C31: =+C32/10 -> 998.44 | D31: =+D32/10 -> 708.624 | E31: Freeze PK3 tuition
B32: Annual | C32: 9984.4 | D32: 7086.24
B33: Pre-kindegarten 4yo Tuition after UPK: | C33: 4YO: Five full days | D33: 4YO: Three full days
B34: Monthly (10 Installments) | C34: ='Tuition Proposed Rate Increases'!G6 -> 499.97899 | D34: ='Tuition Proposed Rate Increases'!G8 -> 150 | E34: 3D: 3.5% increase
B35: Annual | C35: =C34*10 -> 4999.7899 | D35: =D34*10 -> 1500 | E35: 5D: 5% increase
B37: Morning and After Care Program | C37: Monthly Cost | I37: Morning and After Care Program Additional Options
C38: 1 day per week | D38: 2 days per week | E38: 3 days per week | F38: 4 days per week | G38: 5 days per week | I38: BC Drop In | J38: AC Drop In | K38: Before and After Care
I39: 7:30 - start of school | J39: Dismissal - 5:30 pm | K39: 5 Days per week
B40: Before Care: 7:30 am - start of school | C40: 60 | D40: 120 | E40: 165 | F40: 205 | G40: 235 | I40: Daily | J40: Daily | K40: Monthly
B41: After Care: Dismissal - 5:30 pm | C41: 120 | D41: 210 | E41: 250 | F41: 320 | G41: 385 | I41: 20 | J41: 45 | K41: 575
B43: Preschool (PK) IEP Discount (10 hours per week):
C44: 3343.44 | D44: IEP Annual Discount
C45: 334.34 | D45: IEP Monthly Discount

Sheet Tuition Per PK Model (2)
A1: PK Revenue
G2: 0.05
A3: Proposed First Read - For Reference | N3: SECOND READ - UPDATE removing 5HD program
A4: UPK Program | B4: # of full paying students | C4: #of UPK Slots | D4: Program Name | E4: 23_24 Current Rate Tuition | F4: % Change | G4: Change in $ per student annually per program | H4: 24_25 Purposed Rate Tuition | I4: # of students * new rate | J4: Notes | N4: UPK Program | O4: # of full paying students | P4: #of UPK Slots | Q4: Program Name | R4: 22_23 Current Rate Tuition | S4: % Change | T4: Change in $ per student annually per program | U4: 23_24 Purposed Rate Tuition | V4: # of students * new rate | W4: Notes
B5: 50 | D5: KG | E5: 0 | F5: 0 | G5: =E5*F5 -> 0 | H5: =G5+E5 -> 0 | I5: 0 | O5: 60 | Q5: KG | R5: 0 | S5: 0 | T5: =R5*S5 -> 0 | U5: =T5+R5 -> 0 | V5: 0 | W5: Increase from 48 to 60 students
A6: Full Day Slot | B6: 20 | C6: 0 | D6: 3 year old PK5FD | E6: 9984.4 | F6: 0 | G6: =E6*F6 -> 0 | H6: =G6+E6 -> 9984.4 | I6: =H6*B6 -> 199688 | J6: Freeze 3yo tuition | N6: Full Day Slot | O6: 16 | Q6: 3yr old PK 5FD | R6: 9160 | S6: 0.09 | T6: =R6*S6 -> 824.4 | U6: =T6+R6 -> 9984.4 | V6: =U6*O6 -> 159750.4 | W6: decreased from 19 to 16 students
A7: Full Day Slot | C7: 0 | D7: 3yr old PK 5FD | E7: 9984.4 | F7: 0.09 | G7: =E7*F7 -> 898.596 | H7: =G7+E7 -> 10882.996 | I7: =H7*C7 -> 0 | N7: Full Day Slot | P7: 1 | Q7: 3yr old PK 5FD | R7: 9160 | S7: 0.09 | T7: =R7*S7 -> 824.4 | U7: =T7+R7 -> 9984.4 | V7: =U7*P7 -> 9984.4
A8: Part time Slot | B8: 8 | C8: 0 | D8: 3 year old PK3FD | E8: 7086.24 | F8: 0 | G8: =E8*F8 -> 0 | H8: =G9+E8 -> 7086.24 | I8: =H8*B8 -> 56689.92 | J8: Freeze 3yo tuition | N8: 3 Full Day Slot | O8: 7 | Q8: 3 year old PK3FD | R8: 6327 | S8: 0.12 | T8: =R8*S8 -> 759.24 | U8: =T9+R8 -> 7086.24 | V8: =U8*O8 -> 49603.68
A9: Part time Slot | C9: 0 | D9: 3 year old PK3FD | E9: 6327 | F9: 0.12 | G9: =E8*F8 -> 0 | H9: =E9+G9 -> 6327 | I9: =H9*C9 -> 0 | K9: =(I9-4713)/10 -> -471.3 | L9: parent monthly payment | N9: 3 Full Day Slot | P9: 1 | Q9: 3 year old PK3FD | R9: 6327 | S9: 0.12 | T9: =R8*S8 -> 759.24 | U9: =R9+T9 -> 7086.24 | V9: =U9*P9 -> 7086.24
A10: Full Day Slot | B10: 0 | C10: 38 | D10: 4 year old PK5FD | E10: 9984.4 | F10: 0.05 | G10: =E10*F10 -> 499.22 | H10: =G10+E10 -> 10483.62 | I10: =H10*C10 -> 398377.56 | N10: Full Day Slot | O10: 0 | P10: 43 | Q10: 4 year old PK5FD | R10: 9160 | S10: 0.09 | T10: =R10*S10 -> 824.4 | U10: =T10+R10 -> 9984.4 | V10: =U10*P10 -> 429329.2 | W10: Increased from 32 to 40 students
A11: Part time Slot | B11: 0 | C11: 12 | D11: 4 year old PK3FD | E11: 7086.24 | F11: 0.035 | G11: =E11*F11 -> 248.0184 | H11: =G11+E11 -> 7334.2584 | I11: =H11*C11 -> 88011.101 | N11: Part time Slot | O11: 0 | P11: 12 | Q11: 4 year old PK3FD | R11: 6327 | S11: 0.12 | T11: =R11*S11 -> 759.24 | U11: =T11+R11 -> 7086.24 | V11: =U11*P11 -> 85034.88
B12: =SUM(B5:B11) -> 78 | C12: =SUM(C5:C11) -> 50 | I12: =SUM(I5:I11) -> 742766.58 | O12: =SUM(O5:O11) -> 83 | P12: =SUM(P5:P11) -> 57 | V12: =SUM(V5:V11) -> 740788.8
A13: TOTAL | B13: =B12+C12 -> 128 | G13: PIF Discounts | H13: 0.0426 | I13: =I12*H13 -> 31641.856 | N13: TOTAL | O13: =O12+P12 -> 140 | T13: PIF Discounts | U13: 0.0426 | V13: =V12*U13 -> 31557.603 | W13: Still Same overall student count of 140
I14: =I12-I13 -> 711124.72 | V14: =V12-V13 -> 709231.2
B17: 3 Day
B18: Revenue | C18: =I8+I11 -> 144701.02
B19: Salaries | C19: 57500 | D19: 1 PT Lead, 1 PT assisstant.
B20: Benefits (30%) | C20: 17250
B21: Total Expns | C21: =C19+C20 -> 74750
B22: Difference | C22: =C18-C21 -> 69951.021 | D22: 8 student varience
B24: 5 Day
B25: Revenue | C25: =I6+I10 -> 598065.56
B26: Salaries | C26: 431650 | D26: 5 FT Leads, 5 FT assistant.
B27: Benefits (30%) | C27: 129490
B28: Total Expns | C28: =SUM(C26:C27) -> 561140
B29: Difference | C29: =C25-C28 -> 36925.56
B31: Additional Staff
B32: Childcare Director | C32: 29900 | D32: 50/50 GF010/EN040
B33: Assistant Director | D33: EN040
B34: 2 PT Floats | C34: 32640
B35: Benefits (30%) | C35: 18800
B36: Total Expns | C36: =SUM(C32:C35) -> 81340
B37: Total Difference | C37: =C29-C36 -> -44414.44 | D37: 12.5 Student Deficit
B40: PPR: | C40: 9078
B41: LE: 5FT Leads, 5FT assistants | C41: 135
B42: Revenue | C42: =C41*C40 -> 1225530
B43: Salaries | C43: 426800
B44: Benefits (30%) | C44: 101690
B45: Total Expns | C45: =SUM(C43:C44) -> 528490
B46: Difference | C46: =C42-C45 -> 697040
B48: UE 4/5: 3FT Leads, 3FT Assistants | C48: 70
B49: Revenue | C49: =C40*C48 -> 635460
B50: Salaries | C50: 245090
B51: Benefits (30%) | C51: 73527
B52: Total Expns | C52: =SUM(C50:C51) -> 318617
B53: Difference | C53: =C49-C52 -> 316843
B55: MS: 3FT Leads, 1FT Assistant | C55: 65
B56: Revenue | C56: =C40*C55 -> 590070
B57: Salaries | C57: 135750
B58: Benefits (30%) | C58: 40725
B59: Total Expns | C59: =SUM(C57:C58) -> 176475
B60: Difference | C60: =C56-C59 -> 413595
B62: Specials
B63: Salaries | C63: 205944
B64: Benefits (30%) | C64: 61738
B65: Total Expns | C65: =SUM(C63:C64) -> 267682
B67: LRT & SPED
B68: Salaries | C68: 281648
B69: Benefits (30%) | C69: 84495
B70: Total Expns | C70: =SUM(C68:C69) -> 366143
B72: Student Services (Mental Health, Health Clinic, OTC)
B73: Salaries | C73: 177206
B74: Benefits (30%) | C74: 53162
B75: Total Expns | C75: =SUM(C73:C74) -> 230368
B77: Academic Support (Student Success, Instsructional Coach, Dean)
B78: Salaries | C78: 188366
B79: Benefits (30%) | C79: 56510
B80: Total Expns | C80: =SUM(C78:C79) -> 244876
B82: School Site Operations (Principal, HR, Ops, Enrollment, Finance)
B83: Salaries | C83: 314352
B84: Benefits (30%) | C84: 94306
B85: Total Expns | C85: =SUM(C83:C84) -> 408658
B96: # of full paying students | C96: #of UPK Slots
B98: 32 | C98: 0
C99: 0
B100: 0 | C100: 0
C101: 0
A102: 2 Lvl Classroom Split | B102: 0 | C102: 48
A103: UPK Program | B103: 0 | C103: 0 | D103: Program Name | E103: 23_24 Current Rate Tuition | F103: % Change | G103: Change in $ per student annually per program | H103: 24_25 Purposed Rate Tuition | I103: # of students * new rate
B104: =SUM(B97:B103) -> 32 | C104: =SUM(C97:C103) -> 48 | D104: KG | E104: 0 | F104: 0 | G104: =E104*F104 -> 0 | H104: =G104+E104 -> 0 | I104: 0
A105: Full Day Slot | B105: =B104+C104 -> 80 | D105: 3 year old PK5FD | E105: 9984.4 | F105: 0 | G105: =E105*F105 -> 0 | H105: =G105+E105 -> 9984.4 | I105: =H105*B98 -> 319500.8
A106: Full Day Slot | D106: 3yr old PK 5FD | E106: 9984.4 | F106: 0.09 | G106: =E106*F106 -> 898.596 | H106: =G106+E106 -> 10882.996 | I106: =H106*C99 -> 0
A107: Part time Slot | D107: 3 year old PK3FD | E107: 7086.24 | F107: 0 | G107: =E107*F107 -> 0 | H107: =G108+E107 -> 7086.24 | I107: =H107*B100 -> 0
A108: Part time Slot | B108: PK3 & PK4: 4FT Leads, 4FT Assistants | C108: =B98+C102 -> 80 | D108: 3 year old PK3FD | E108: 6327 | F108: 0.12 | G108: =E107*F107 -> 0 | H108: =E108+G108 -> 6327 | I108: =H108*C101 -> 0
A109: Full Day Slot | D109: 4 year old PK5FD | E109: 9984.4 | F109: 0.05 | G109: =E109*F109 -> 499.22 | H109: =G109+E109 -> 10483.62 | I109: =H109*C102 -> 503213.76
A110: Part time Slot | D110: 4 year old PK3FD | E110: 7086.24 | F110: 0.035 | G110: =E110*F110 -> 248.0184 | H110: =G110+E110 -> 7334.2584 | I110: =H110*C103 -> 0
I111: =SUM(I104:I110) -> 822714.56
A112: TOTAL | G112: PIF Discounts | H112: 0.0426 | I112: =I111*H112 -> 35047.64
I113: =I111-I112 -> 787666.92
E115: Primary Revenue Revenue | F115: =C117 -> 787666.92
B116: 5 Day | H116: 3 Day
B117: Revenue | C117: =I113 -> 787666.92 | H117: Revenue | I117: =I107+I110 -> 0
B118: Salaries | C118: 362330 | H118: Salaries | I118: 57500
B119: Benefits (30%) | C119: 108700 | H119: Benefits (30%) | I119: 17250
B120: Total Expns | C120: =SUM(C118:C119) -> 471030 | H120: Total Expns | I120: =I118+I119 -> 74750
B121: Difference | C121: =C117-C120 -> 316636.92 | H121: Difference | I121: =I117-I120 -> -74750
B123: Additional Staff | E123: PPR Revenue | F123: =C133+C141+C149+C157 -> 3249855
B124: Childcare Director | C124: 29900 | E124: Total Revenue | F124: =F115+F123 -> 4037521.9
B125: Assistant Director | E125: Total Expenses | F125: =C120+C128+C136+C144+C152+C160+C167+C173+C179+C185+C191+C197+C201 -> 3482741
B126: 1 PT Float | C126: 16320 | E126: Difference | F126: =F124-F125 -> 554780.92
...
